Workbook
Name Auxiliar: #REF!
Name Auxiliar: #REF!
Name Auxiliar: #REF!
Name Auxiliar: #REF!
Name Auxiliar: #REF!
Name Auxiliar: #REF!
Name Auxiliar: #REF!
Name Auxiliar: #REF!
Name Auxiliar: #REF!
Name CUSTO_VALE_TRANSPORTE: #REF!
Name CUSTO_VALE_TRANSPORTE: #REF!
Name CUSTO_VALE_TRANSPORTE: #REF!
Name CUSTO_VALE_TRANSPORTE: #REF!
Name CUSTO_VALE_TRANSPORTE: #REF!
Name CUSTO_VALE_TRANSPORTE: #REF!
Name CUSTO_VALE_TRANSPORTE: #REF!
Name CUSTO_VALE_TRANSPORTE: #REF!
Name CUSTO_VALE_TRANSPORTE: #REF!
Name ecwece4c: #REF!
Name ecwece4c: #REF!
Name ecwece4c: #REF!
Name ecwece4c: #REF!
Name ecwece4c: #REF!
Name ecwece4c: #REF!
Name ecwece4c: #REF!
Name ecwece4c: #REF!
Name ecwece4c: #REF!
Name MOMB4: '[1]SERVENTE MANUTENCAO'!$I$144
Name MONA1: #REF!
Name MONA1: #REF!
Name MONA1: #REF!
Name MONA1: #REF!
Name MONA1: #REF!
Name MONA1: #REF!
Name MONA1: #REF!
Name MONA1: #REF!
Name MONA1: #REF!
Name MONA2: #REF!
Name MONA2: #REF!
Name MONA2: #REF!
Name MONA2: #REF!
Name MONA2: #REF!
Name MONA2: #REF!
Name MONA2: #REF!
Name MONA2: #REF!
Name MONA2: #REF!
Name MONA3: [2]HIDRAULICO!$I$138
Name MONA4: '[2]SERVENTE (AUX PRODUCAO)'!$I$138
Name MONA5: #REF!
Name MONA5: #REF!
Name MONA5: #REF!
Name MONA5: #REF!
Name MONA5: #REF!
Name MONA5: #REF!
Name MONA5: #REF!
Name MONA5: #REF!
Name MONA5: #REF!
Name MONA6: #REF!
Name MONA6: #REF!
Name MONA6: #REF!

Sheet Serv Limpeza Osório
A1: PLANILHA DE CUSTOS E FORMAÇÃO DE PREÇOS DE SERVIÇOS CONTINUADOS COM DEDICAÇÃO EXCLUSIVA DE MÃO DE OBRA (ANEXO III - DECRETO 52.768 de 15.12.2015)
A2: PROCESSO: | C2: 25/1203-0021147-0 | E2: REGIME DE TRIBUTAÇÃO: LUCRO REAL
A3: LICITAÇÃO/EDITAL | E3: ABERTURA:
A5: Cargo/Função: | D5: Servente de limpeza | G5: =IF(D6="12x36","Regime de trabalho:","Quantidade de HORAS/MÊS") -> Quantidade de HORAS/MÊS | I5: =IF(D6="12x36",D6,5*D6) -> 100
A6: =IF(D6="12x36","Regime de trabalho:","Regime de trabalho (horas semanais):") -> Regime de trabalho (horas semanais): | D6: 20
A7: Convenção Coletiva de Trabalho: | D7: CCT - RS000022/2025 | G7: INSALUBRIDADE (10%, 20%, 40%) | I7: 0.4
A8: Origem do salário: | D8: CCT - RS000022/2025
A9: Cidade: | D9: Osório | G9: PERICULOSIDADE (30%) | I9: Não aplicável
A10: Salário Normativo | G10: Vlr. do salário e nº de horas correspondentes | H10: 220 | I10: 1653.58
A11: ISS | G11: =D9 -> Osório | H11: Alíquota | I11: 0.02
A12: Tarifa Transporte | G12: CCT | H12: Vr. Unitário | I12: 8.35
H13: Dias | I13: 22
H14: Desconto | I14: 0.06
A15: Auxílio Alimentação | G15: CCT | H15: Vr. Unitário | I15: 0
H16: Dias | I16: 0
H17: Desconto | I17: 0
A18: Auxílio Lanche | G18: CCT | H18: Vr. Unitário | I18: 12.71
H19: Dias | I19: 22
H20: Desconto | I20: 0.19
G21: CCT | H21: Valor mensal | I21: 24.1
A22: PLANO DE BENEFÍCIO SOCIAL FAMILIAR.
A25: Adicional de Supervisor (37%) | H25: Porcentagem | I25: Não aplicável
A26: Base de cálculo da insalubridade | H26: Valor | I26: 751.63
A27: Quantitativo de horas trabalhadas em feriados no mês (estimado) - Não aplicável para postos 12x36 | H27: Horas por mês | I27: Não aplicável
H28: Acréscimo da hora extra | I28: Não aplicável
A29: Hora Intervalar (somente para postos 12x36, quando for o caso) | H29: Horas por mês | I29: Não aplicável
A30: Sem fornecimento de materiais ou apenas fornecimento de EPIs ou uniformes, utilizar 10%. Com fornecimento de materiais ou equipamentos, utilizar 20%. (Decreto 52.768/2015, alterado pelo Decreto 53.424/2017) | H30: Porcentagem | I30: 0.2
I31: Não aplicável
A37: MONTANTE A
A38: I | B38: Remuneração - Grupo I | H38: % | I38: Valor Mensal/unidade de serviço (R$)
A39: 1 | B39: Salário | H39: =I39/$I$47 -> 0.71428497 | I39: =IF(D6="12x36",I10,I10/H10*I5) -> 751.62727
A40: =A39+1 -> 2 | B40: Adicional Periculosidade 30% (Ver súmulas 364, 132 e 191 do TST) | H40: =I40/$I$47 -> 0 | I40: =IF(I9=30%,I39*I9,0) -> 0
A41: =A40+1 -> 3 | B41: Adicional Insalubridade 10% (Ver súmula 228 e 139 TST) | H41: =I41/$I$47 -> 0 | I41: =IF(I7=10%,I26*I7,0) -> 0
A42: =A41+1 -> 4 | B42: Adicional Insalubridade 20% (Ver súmula 228 e 139 TST) | H42: =I42/$I$47 -> 0 | I42: =IF(I7=20%,I26*I7,0) -> 0
A43: =A42+1 -> 5 | B43: Adicional Insalubridade 40% (Ver súmula 228 e 139 TST) | H43: =I43/$I$47 -> 0.28571503 | I43: =IF(I7=40%,I26*I7,0) -> 300.652
A44: =A43+1 -> 6 | B44: Adicional de Supervisor (IN 05/2017 MPOG SLTI) | H44: =I44/$I$47 -> 0 | I44: =IF(I25="Não aplicável",0,I39*I25) -> 0
A45: =A44+1 -> 7 | B45: Feriados | H45: =I45/$I$47 -> 0 | I45: =IF(I27="Não aplicável",0,(I39+I40+I41+I42+I43+I44)/I5*I27*(1+I28)) -> 0
A46: =A45+1 -> 8 | B46: DSR = número total das horas extras do mês / número de dias úteis X domingos e feriados do mês X valor da hora extra com acréscimo | H46: =I46/$I$47 -> 0 | I46: =IF(I27="Não aplicável",0,I27/I13*5*(I10/H10*(1+I28))) -> 0
A47: Total de Remuneração | H47: =SUM(H39:H46) -> 1 | I47: =SUM(I39:I46) -> 1052.2793
A58: II | B58: Encargos Sociais - Grupo II: Obrigações Sociais | H58: % | I58: Valor Mensal/unidade de serviço (R$)
A59: 1 | B59: INSS (art. 22, inc. I, Lei nº 8.212/91) | H59: 0.2 | I59: =$I$47*H59 -> 210.45585
A60: 2 | B60: SESI ou SESC (art. 30, Lei nº 8.036/90) | H60: 0.015 | I60: =$I$47*H60 -> 15.784189
A61: 3 | B61: SENAI ou SENAC (Decreto-Lei nº 2.318/86) | H61: 0.01 | I61: =$I$47*H61 -> 10.522793
A62: 4 | B62: INCRA (art. 15I, Lei Complementar nº 011/71) | H62: 0.002 | I62: =$I$47*H62 -> 2.1045585
A63: 5 | B63: SALÁRIO EDUCAÇÃO (art. , inc. I, Decreto nº 87.043/82) | H63: 0.025 | I63: =$I$47*H63 -> 26.306982
A64: 6 | B64: FGTS (art. 15, Lei nº 8.036/90) | H64: 0.08 | I64: =$I$47*H64 -> 84.182342
A65: 7 | B65: SEG. ACIDENTE DO TRABALHO 1%, 2% e 3% (art. 22, inc. II, alíneas "b" e "c", da Lei nº 8.212/91) | H65: 0.03 | I65: =$I$47*H65 -> 31.568378
A66: 8 | B66: SEBRAE (§ 3º, art. 8º, Lei nº 8.029/90) | H66: 0.006 | I66: =$I$47*H66 -> 6.3136756
A67: Total do Grupo II | H67: =SUM(H59:H66) -> 0.368 | I67: =SUM(I59:I66) -> 387.23877
A68: Os percentuais para o SAT podem variar de 0,50% a 6,00% em função do Fator de Acidente Previdenciário (FAP), Decreto nº 6.957/2009
A69: Deverá obrigatoriamente acompanhar a proposta de preços e a planilha de custos e formação de preços a prova do Fator Acidentário de Prevenção – FAP por meio de impressão de consulta ao site do Ministério da Previdência Social (que pode ser obtido no endereço eletrônico http://www2.dataprev.gov.br/fap/fap.htm), independentemente de alteração da alíquota da parcela do Seguro Acidente de Trabalho disposta no Quadro II da referida planilha.
A70: III | B70: Encargos Sociais - Grupo III: Tempo Não Trabalhado | H70: % | I70: Valor Mensal/unidade de serviço (R$)
A71: 1 | B71: FÉRIAS GOZADAS + ADICIONAL DE FÉRIAS | H71: 0.119314 | I71: =$I$47*H71 -> 125.55165
A72: 2 | B72: FALTAS ABONADAS (3) | H72: 0.020479 | I72: =$I$47*H72 -> 21.549627
A73: 3 | B73: FALTAS LEGAIS (4) | H73: 0.012123 | I73: =$I$47*H73 -> 12.756782
A74: 4 | B74: LICENÇA MATERNIDADE | H74: 0.011436 | I74: =$I$47*H74 -> 12.033866
A75: 5 | B75: LICENÇA PATERNIDADE | H75: 0.000174 | I75: =$I$47*H75 -> 0.18309659
A76: 6 | B76: ACIDENTE DE TRABALHO | H76: 0.000442 | I76: =$I$47*H76 -> 0.46510744
A77: 7 | B77: AVISO PRÉVIO TRABALHADO | H77: 0.000185 | I77: =$I$47*H77 -> 0.19467167
A78: 8 | B78: 13º SALÁRIO | H78: 0.09079 | I78: =$I$47*H78 -> 95.536435
A79: Total do Grupo III | H79: =SUM(H71:H78) -> 0.254943 | I79: =SUM(I71:I78) -> 268.27123
A80: (3) | B80: Faltas Justificadas por Auxílio Doença
A81: (4) | B81: Faltas Legais - Art. 473 CLT
A82: IV | B82: Encargos Sociais - Grupo IV: Indenizações | H82: % | I82: Valor Mensal/unidade de serviço (R$)
A83: 1 | B83: INDENIZAÇÕES | H83: 0.048321 | I83: =$I$47*H83 -> 50.847187
A84: 2 | B84: FGTS SOBRE INDENIZAÇÕES | H84: 0.003511 | I84: =$I$47*H84 -> 3.6945525
A85: 3 | B85: INDENIZAÇÃO COMPENSATÓRIA POR DEMISSÃO SEM JUSTA CAUSA | H85: 0.019328 | I85: =$I$47*H85 -> 20.338454
A86: Total do Grupo IV | H86: =SUM(H83:H85) -> 0.07116 | I86: =SUM(I83:I85) -> 74.880193
A88: V | B88: Encargos Sociais - Grupo V: Incidências | H88: % | I88: Valor Mensal/unidade de serviço (R$)
A89: 1 | B89: INCIDÊNCIA GRUPO II (Obrigações Sociais) X GRUPO III (Tempo Não Trabalhado) | H89: =(H67*H79) -> 0.093819024 | I89: =$I$47*H89 -> 98.723814
A90: Total do Grupo V | H90: =SUM(H89:H89) -> 0.093819024 | I90: =I89 -> 98.723814
A92: TOTAL DOS ENCARGOS SOCIAIS (II + III + IV + V) | H92: =H67+H79+H86+H90 -> 0.78792202 | I92: =I67+I79+I86+I90 -> 829.11401
A94: VI | B94: Demais custos relativos à Norma Coletiva ou Disposições Legais - Grupo VI | H94: % | I94: Valor Mensal/unidade de serviço (R$)
A95: 1 | B95: Auxílio Alimentação | H95: =I95/$I$47 -> 0 | I95: =I113 -> 0
A96: =A95+1 -> 2 | B96: Auxílio Lanche | H96: =I96/$I$47 -> 0.21523963 | I96: =I109 -> 226.4922
A97: =A96+1 -> 3 | B97: Plano de Saúde | H97: =I97/$I$47 -> 0 | I97: 0
A98: =A97+1 -> 4 | B98: Vale-Transporte⁽⁵⁾ | H98: =I98/$I$47 -> 0.30628976 | I98: =I105 -> 322.30236
A99: =A98+1 -> 5 | B99: Adicional Intervalar | H99: =I99/$I$47 -> 0 | I99: =IF(I29="Não aplicável",0,((I10/H10)*1.5*I29)) -> 0
A100: =A99+1 -> 6 | B100: Outros | H100: =I100/$I$47 -> 0.022902665 | I100: =IF(I21="Não aplicável",0,I21) -> 24.1
A101: Total do Grupo VI | H101: =SUM(H95:H100) -> 0.54443205 | I101: =SUM(I95:I100) -> 572.89456
A102: (5) | B102: O valor do vale-transporte pode variar de acordo com o modal fornecido pelo empregador.
A103: MEMÓRIA DE CÁLCULO DO VALE TRANSPORTE
A104: Valor Unitário | C104: Dias de Trabalho | D104: Vale p/dia | E104: Custo total | F104: Base de cálculo | G104: Percentual de desconto | H104: Valor desconto | I104: Custo efetivo
A105: =IF(I12="Não aplicável",0,I12) -> 8.35 | C105: =IF(I13="Não aplicável",0,I13) -> 22 | D105: 2 | E105: =A105*C105*D105 -> 367.4 | F105: =I39 -> 751.62727 | G105: =IF(I14="Não aplicável",0,I14) -> 0.06 | H105: =F105*G105 -> 45.097636 | I105: =IF((E105-H105)>0,E105-H105,0) -> 322.30236
A107: MEMÓRIA DE CÁLCULO DO VALE LANCHE
A108: Valor Unitário | C108: Dias por mês | D108: Vale p/dia | E108: Custo total | F108: Base de cálculo | G108: Percentual de desconto | H108: Valor desconto | I108: Custo efetivo
A109: =IF(I18="Não aplicável",0,I18) -> 12.71 | C109: =IF(I19="Não aplicável",0,I19) -> 22 | D109: 1 | E109: =A109*C109*D109 -> 279.62 | F109: =E109 -> 279.62 | G109: =IF(I20="Não aplicável",0,I20) -> 0.19 | H109: =F109*G109 -> 53.1278 | I109: =E109-H109 -> 226.4922
A111: MEMÓRIA DE CÁLCULO DO | F111: =A15 -> Auxílio Alimentação
A112: Valor Unitário | C112: Dias por mês | D112: Vale p/dia | E112: Custo total | F112: Base de cálculo | G112: Percentual de desconto | H112: =H104 -> Valor desconto | I112: Custo efetivo
A113: =IF(I15="Não aplicável",0,I15) -> 0 | C113: =IF(I16="Não aplicável",0,I16) -> 0 | D113: 1 | E113: =A113*C113*D113 -> 0 | F113: =E113 -> 0 | G113: =IF(I17="Não aplicável",0,I17) -> 0 | H113: =F113*G113 -> 0 | I113: =E113-H113 -> 0
A115: TOTAL DO MONTANTE A (I + II + III+ IV + V +VI) | H115: =H47+H92+H101 -> 2.3323541 | I115: =I47+I92+I101 -> 2454.2879
A117: MONTANTE B
A118: I | B118: Despesas Diretas | H118: % | I118: Valor Mensal/unidade de serviço (R$)
A119: 1 | B119: Transporte (6) | H119: =I119/$I$130 -> 0 | I119: 0
A120: 2 | B120: Uniformes/EPI (6a) | H120: =I120/$I$130 -> 0 | I120: 0
A121: 3 | B121: Seguro de vida | H121: =I121/$I$130 -> 0 | I121: 0
A122: 4 | B122: Materiais/Equipamentos | H122: =I122/$I$130 -> 0 | I122: 0
A123: 5 | B123: Mobilização (7) | H123: =I123/$I$130 -> 0 | I123: 0
A124: 6 | B124: Outros (especificar) | H124: =I124/$I$130 -> 0 | I124: 0
A125: Total de Despesas Diretas | H125: =H119+H120+H121+H122+H123+H124 -> 0 | I125: =SUM(I119:I124) -> 0
...

Sheet Serv Limpeza N Hamburgo
A1: PLANILHA DE CUSTOS E FORMAÇÃO DE PREÇOS DE SERVIÇOS CONTINUADOS COM DEDICAÇÃO EXCLUSIVA DE MÃO DE OBRA (ANEXO III - DECRETO 52.768 de 15.12.2015)
A2: PROCESSO: | C2: 25/1203-0021147-0 | E2: REGIME DE TRIBUTAÇÃO: LUCRO REAL
A3: LICITAÇÃO/EDITAL | E3: ABERTURA:
A5: Cargo/Função: | D5: Servente de limpeza | G5: =IF(D6="12x36","Regime de trabalho:","Quantidade de HORAS/MÊS") -> Quantidade de HORAS/MÊS | I5: =IF(D6="12x36",D6,5*D6) -> 100
A6: =IF(D6="12x36","Regime de trabalho:","Regime de trabalho (horas semanais):") -> Regime de trabalho (horas semanais): | D6: 20
A7: Convenção Coletiva de Trabalho: | D7: CCT - RS000022/2025 | G7: INSALUBRIDADE (10%, 20%, 40%) | I7: 0.4
A8: Origem do salário: | D8: CCT - RS000022/2025
A9: Cidade: | D9: Novo Hamburgo | G9: PERICULOSIDADE (30%) | I9: Não aplicável
A10: Salário Normativo | G10: Vlr. do salário e nº de horas correspondentes | H10: 220 | I10: 1653.58
A11: ISS | G11: =D9 -> Novo Hamburgo | H11: Alíquota | I11: 0.02
A12: Tarifa Transporte | G12: CCT | H12: Vr. Unitário | I12: 5.2
H13: Dias | I13: 22
H14: Desconto | I14: 0.06
A15: Auxílio Alimentação | G15: CCT | H15: Vr. Unitário | I15: 0
H16: Dias | I16: 0
H17: Desconto | I17: 0
A18: Auxílio Lanche | G18: CCT | H18: Vr. Unitário | I18: 12.71
H19: Dias | I19: 22
H20: Desconto | I20: 0.19
G21: CCT | H21: Valor mensal | I21: 24.1
A22: PLANO DE BENEFÍCIO SOCIAL FAMILIAR.
A25: Adicional de Supervisor (37%) | H25: Porcentagem | I25: Não aplicável
A26: Base de cálculo da insalubridade | H26: Valor | I26: 751.63
A27: Quantitativo de horas trabalhadas em feriados no mês (estimado) - Não aplicável para postos 12x36 | H27: Horas por mês | I27: Não aplicável
H28: Acréscimo da hora extra | I28: Não aplicável
A29: Hora Intervalar (somente para postos 12x36, quando for o caso) | H29: Horas por mês | I29: Não aplicável
A30: Sem fornecimento de materiais ou apenas fornecimento de EPIs ou uniformes, utilizar 10%. Com fornecimento de materiais ou equipamentos, utilizar 20%. (Decreto 52.768/2015, alterado pelo Decreto 53.424/2017) | H30: Porcentagem | I30: 0.2
I31: Não aplicável
A37: MONTANTE A
A38: I | B38: Remuneração - Grupo I | H38: % | I38: Valor Mensal/unidade de serviço (R$)
A39: 1 | B39: Salário | H39: =I39/$I$47 -> 0.71428497 | I39: =IF(D6="12x36",I10,I10/H10*I5) -> 751.62727
A40: =A39+1 -> 2 | B40: Adicional Periculosidade 30% (Ver súmulas 364, 132 e 191 do TST) | H40: =I40/$I$47 -> 0 | I40: =IF(I9=30%,I39*I9,0) -> 0
A41: =A40+1 -> 3 | B41: Adicional Insalubridade 10% (Ver súmula 228 e 139 TST) | H41: =I41/$I$47 -> 0 | I41: =IF(I7=10%,I26*I7,0) -> 0
A42: =A41+1 -> 4 | B42: Adicional Insalubridade 20% (Ver súmula 228 e 139 TST) | H42: =I42/$I$47 -> 0 | I42: =IF(I7=20%,I26*I7,0) -> 0
A43: =A42+1 -> 5 | B43: Adicional Insalubridade 40% (Ver súmula 228 e 139 TST) | H43: =I43/$I$47 -> 0.28571503 | I43: =IF(I7=40%,I26*I7,0) -> 300.652
A44: =A43+1 -> 6 | B44: Adicional de Supervisor (IN 05/2017 MPOG SLTI) | H44: =I44/$I$47 -> 0 | I44: =IF(I25="Não aplicável",0,I39*I25) -> 0
A45: =A44+1 -> 7 | B45: Feriados | H45: =I45/$I$47 -> 0 | I45: =IF(I27="Não aplicável",0,(I39+I40+I41+I42+I43+I44)/I5*I27*(1+I28)) -> 0
A46: =A45+1 -> 8 | B46: DSR = número total das horas extras do mês / número de dias úteis X domingos e feriados do mês X valor da hora extra com acréscimo | H46: =I46/$I$47 -> 0 | I46: =IF(I27="Não aplicável",0,I27/I13*5*(I10/H10*(1+I28))) -> 0
A47: Total de Remuneração | H47: =SUM(H39:H46) -> 1 | I47: =SUM(I39:I46) -> 1052.2793
A58: II | B58: Encargos Sociais - Grupo II: Obrigações Sociais | H58: % | I58: Valor Mensal/unidade de serviço (R$)
A59: 1 | B59: INSS (art. 22, inc. I, Lei nº 8.212/91) | H59: 0.2 | I59: =$I$47*H59 -> 210.45585
A60: 2 | B60: SESI ou SESC (art. 30, Lei nº 8.036/90) | H60: 0.015 | I60: =$I$47*H60 -> 15.784189
A61: 3 | B61: SENAI ou SENAC (Decreto-Lei nº 2.318/86) | H61: 0.01 | I61: =$I$47*H61 -> 10.522793
A62: 4 | B62: INCRA (art. 15I, Lei Complementar nº 011/71) | H62: 0.002 | I62: =$I$47*H62 -> 2.1045585
A63: 5 | B63: SALÁRIO EDUCAÇÃO (art. , inc. I, Decreto nº 87.043/82) | H63: 0.025 | I63: =$I$47*H63 -> 26.306982
A64: 6 | B64: FGTS (art. 15, Lei nº 8.036/90) | H64: 0.08 | I64: =$I$47*H64 -> 84.182342
A65: 7 | B65: SEG. ACIDENTE DO TRABALHO 1%, 2% e 3% (art. 22, inc. II, alíneas "b" e "c", da Lei nº 8.212/91) | H65: 0.03 | I65: =$I$47*H65 -> 31.568378
A66: 8 | B66: SEBRAE (§ 3º, art. 8º, Lei nº 8.029/90) | H66: 0.006 | I66: =$I$47*H66 -> 6.3136756
A67: Total do Grupo II | H67: =SUM(H59:H66) -> 0.368 | I67: =SUM(I59:I66) -> 387.23877
A68: Os percentuais para o SAT podem variar de 0,50% a 6,00% em função do Fator de Acidente Previdenciário (FAP), Decreto nº 6.957/2009
A69: Deverá obrigatoriamente acompanhar a proposta de preços e a planilha de custos e formação de preços a prova do Fator Acidentário de Prevenção – FAP por meio de impressão de consulta ao site do Ministério da Previdência Social (que pode ser obtido no endereço eletrônico http://www2.dataprev.gov.br/fap/fap.htm), independentemente de alteração da alíquota da parcela do Seguro Acidente de Trabalho disposta no Quadro II da referida planilha.
A70: III | B70: Encargos Sociais - Grupo III: Tempo Não Trabalhado | H70: % | I70: Valor Mensal/unidade de serviço (R$)
A71: 1 | B71: FÉRIAS GOZADAS + ADICIONAL DE FÉRIAS | H71: 0.119314 | I71: =$I$47*H71 -> 125.55165
A72: 2 | B72: FALTAS ABONADAS (3) | H72: 0.020479 | I72: =$I$47*H72 -> 21.549627
A73: 3 | B73: FALTAS LEGAIS (4) | H73: 0.012123 | I73: =$I$47*H73 -> 12.756782
A74: 4 | B74: LICENÇA MATERNIDADE | H74: 0.011436 | I74: =$I$47*H74 -> 12.033866
A75: 5 | B75: LICENÇA PATERNIDADE | H75: 0.000174 | I75: =$I$47*H75 -> 0.18309659
A76: 6 | B76: ACIDENTE DE TRABALHO | H76: 0.000442 | I76: =$I$47*H76 -> 0.46510744
A77: 7 | B77: AVISO PRÉVIO TRABALHADO | H77: 0.000185 | I77: =$I$47*H77 -> 0.19467167
A78: 8 | B78: 13º SALÁRIO | H78: 0.09079 | I78: =$I$47*H78 -> 95.536435
A79: Total do Grupo III | H79: =SUM(H71:H78) -> 0.254943 | I79: =SUM(I71:I78) -> 268.27123
A80: (3) | B80: Faltas Justificadas por Auxílio Doença
A81: (4) | B81: Faltas Legais - Art. 473 CLT
A82: IV | B82: Encargos Sociais - Grupo IV: Indenizações | H82: % | I82: Valor Mensal/unidade de serviço (R$)
A83: 1 | B83: INDENIZAÇÕES | H83: 0.048321 | I83: =$I$47*H83 -> 50.847187
A84: 2 | B84: FGTS SOBRE INDENIZAÇÕES | H84: 0.003511 | I84: =$I$47*H84 -> 3.6945525
A85: 3 | B85: INDENIZAÇÃO COMPENSATÓRIA POR DEMISSÃO SEM JUSTA CAUSA | H85: 0.019328 | I85: =$I$47*H85 -> 20.338454
A86: Total do Grupo IV | H86: =SUM(H83:H85) -> 0.07116 | I86: =SUM(I83:I85) -> 74.880193
A88: V | B88: Encargos Sociais - Grupo V: Incidências | H88: % | I88: Valor Mensal/unidade de serviço (R$)
A89: 1 | B89: INCIDÊNCIA GRUPO II (Obrigações Sociais) X GRUPO III (Tempo Não Trabalhado) | H89: =(H67*H79) -> 0.093819024 | I89: =$I$47*H89 -> 98.723814
A90: Total do Grupo V | H90: =SUM(H89:H89) -> 0.093819024 | I90: =I89 -> 98.723814
A92: TOTAL DOS ENCARGOS SOCIAIS (II + III + IV + V) | H92: =H67+H79+H86+H90 -> 0.78792202 | I92: =I67+I79+I86+I90 -> 829.11401
A94: VI | B94: Demais custos relativos à Norma Coletiva ou Disposições Legais - Grupo VI | H94: % | I94: Valor Mensal/unidade de serviço (R$)
A95: 1 | B95: Auxílio Alimentação | H95: =I95/$I$47 -> 0 | I95: =I113 -> 0
A96: =A95+1 -> 2 | B96: Auxílio Lanche | H96: =I96/$I$47 -> 0.21523963 | I96: =I109 -> 226.4922
A97: =A96+1 -> 3 | B97: Plano de Saúde | H97: =I97/$I$47 -> 0 | I97: 0
A98: =A97+1 -> 4 | B98: Vale-Transporte⁽⁵⁾ | H98: =I98/$I$47 -> 0.17457567 | I98: =I105 -> 183.70236
A99: =A98+1 -> 5 | B99: Adicional Intervalar | H99: =I99/$I$47 -> 0 | I99: =IF(I29="Não aplicável",0,((I10/H10)*1.5*I29)) -> 0
A100: =A99+1 -> 6 | B100: Outros | H100: =I100/$I$47 -> 0.022902665 | I100: =IF(I21="Não aplicável",0,I21) -> 24.1
A101: Total do Grupo VI | H101: =SUM(H95:H100) -> 0.41271797 | I101: =SUM(I95:I100) -> 434.29456
A102: (5) | B102: O valor do vale-transporte pode variar de acordo com o modal fornecido pelo empregador.
A103: MEMÓRIA DE CÁLCULO DO VALE TRANSPORTE
A104: Valor Unitário | C104: Dias de Trabalho | D104: Vale p/dia | E104: Custo total | F104: Base de cálculo | G104: Percentual de desconto | H104: Valor desconto | I104: Custo efetivo
A105: =IF(I12="Não aplicável",0,I12) -> 5.2 | C105: =IF(I13="Não aplicável",0,I13) -> 22 | D105: 2 | E105: =A105*C105*D105 -> 228.8 | F105: =I39 -> 751.62727 | G105: =IF(I14="Não aplicável",0,I14) -> 0.06 | H105: =F105*G105 -> 45.097636 | I105: =IF((E105-H105)>0,E105-H105,0) -> 183.70236
A107: MEMÓRIA DE CÁLCULO DO VALE LANCHE
A108: Valor Unitário | C108: Dias por mês | D108: Vale p/dia | E108: Custo total | F108: Base de cálculo | G108: Percentual de desconto | H108: Valor desconto | I108: Custo efetivo
A109: =IF(I18="Não aplicável",0,I18) -> 12.71 | C109: =IF(I19="Não aplicável",0,I19) -> 22 | D109: 1 | E109: =A109*C109*D109 -> 279.62 | F109: =E109 -> 279.62 | G109: =IF(I20="Não aplicável",0,I20) -> 0.19 | H109: =F109*G109 -> 53.1278 | I109: =E109-H109 -> 226.4922
A111: MEMÓRIA DE CÁLCULO DO | F111: =A15 -> Auxílio Alimentação
A112: Valor Unitário | C112: Dias por mês | D112: Vale p/dia | E112: Custo total | F112: Base de cálculo | G112: Percentual de desconto | H112: =H104 -> Valor desconto | I112: Custo efetivo
A113: =IF(I15="Não aplicável",0,I15) -> 0 | C113: =IF(I16="Não aplicável",0,I16) -> 0 | D113: 1 | E113: =A113*C113*D113 -> 0 | F113: =E113 -> 0 | G113: =IF(I17="Não aplicável",0,I17) -> 0 | H113: =F113*G113 -> 0 | I113: =E113-H113 -> 0
A115: TOTAL DO MONTANTE A (I + II + III+ IV + V +VI) | H115: =H47+H92+H101 -> 2.20064 | I115: =I47+I92+I101 -> 2315.6879
A117: MONTANTE B
A118: I | B118: Despesas Diretas | H118: % | I118: Valor Mensal/unidade de serviço (R$)
A119: 1 | B119: Transporte (6) | H119: =I119/$I$130 -> 0 | I119: 0
A120: 2 | B120: Uniformes/EPI (6a) | H120: =I120/$I$130 -> 0 | I120: 0
A121: 3 | B121: Seguro de vida | H121: =I121/$I$130 -> 0 | I121: 0
A122: 4 | B122: Materiais/Equipamentos | H122: =I122/$I$130 -> 0 | I122: 0
A123: 5 | B123: Mobilização (7) | H123: =I123/$I$130 -> 0 | I123: 0
A124: 6 | B124: Outros (especificar) | H124: =I124/$I$130 -> 0 | I124: 0
A125: Total de Despesas Diretas | H125: =H119+H120+H121+H122+H123+H124 -> 0 | I125: =SUM(I119:I124) -> 0
...

Sheet Serv Limpeza P Fundo
A1: PLANILHA DE CUSTOS E FORMAÇÃO DE PREÇOS DE SERVIÇOS CONTINUADOS COM DEDICAÇÃO EXCLUSIVA DE MÃO DE OBRA (ANEXO III - DECRETO 52.768 de 15.12.2015)
A2: PROCESSO: | C2: 25/1203-0021147-0 | E2: REGIME DE TRIBUTAÇÃO: LUCRO REAL
A3: LICITAÇÃO/EDITAL | E3: ABERTURA:
A5: Cargo/Função: | D5: Servente de limpeza | G5: =IF(D6="12x36","Regime de trabalho:","Quantidade de HORAS/MÊS") -> Quantidade de HORAS/MÊS | I5: =IF(D6="12x36",D6,5*D6) -> 100
A6: =IF(D6="12x36","Regime de trabalho:","Regime de trabalho (horas semanais):") -> Regime de trabalho (horas semanais): | D6: 20
A7: Convenção Coletiva de Trabalho: | D7: CCT - RS000022/2025 | G7: INSALUBRIDADE (10%, 20%, 40%) | I7: 0.4
A8: Origem do salário: | D8: CCT - RS000022/2025
A9: Cidade: | D9: Passo Fundo | G9: PERICULOSIDADE (30%) | I9: Não aplicável
A10: Salário Normativo | G10: Vlr. do salário e nº de horas correspondentes | H10: 220 | I10: 1653.58
A11: ISS | G11: =D9 -> Passo Fundo | H11: Alíquota | I11: 0.02
A12: Tarifa Transporte | G12: CCT | H12: Vr. Unitário | I12: 4.95
H13: Dias | I13: 22
H14: Desconto | I14: 0.06
A15: Auxílio Alimentação | G15: CCT | H15: Vr. Unitário | I15: 0
H16: Dias | I16: 0
H17: Desconto | I17: 0
A18: Auxílio Lanche | G18: CCT | H18: Vr. Unitário | I18: 12.71
H19: Dias | I19: 22
H20: Desconto | I20: 0.19
G21: CCT | H21: Valor mensal | I21: 24.1
A22: PLANO DE BENEFÍCIO SOCIAL FAMILIAR.
A25: Adicional de Supervisor (37%) | H25: Porcentagem | I25: Não aplicável
A26: Base de cálculo da insalubridade | H26: Valor | I26: 751.63
A27: Quantitativo de horas trabalhadas em feriados no mês (estimado) - Não aplicável para postos 12x36 | H27: Horas por mês | I27: Não aplicável
H28: Acréscimo da hora extra | I28: Não aplicável
A29: Hora Intervalar (somente para postos 12x36, quando for o caso) | H29: Horas por mês | I29: Não aplicável
A30: Sem fornecimento de materiais ou apenas fornecimento de EPIs ou uniformes, utilizar 10%. Com fornecimento de materiais ou equipamentos, utilizar 20%. (Decreto 52.768/2015, alterado pelo Decreto 53.424/2017) | H30: Porcentagem | I30: 0.2
I31: Não aplicável
A37: MONTANTE A
A38: I | B38: Remuneração - Grupo I | H38: % | I38: Valor Mensal/unidade de serviço (R$)
A39: 1 | B39: Salário | H39: =I39/$I$47 -> 0.71428497 | I39: =IF(D6="12x36",I10,I10/H10*I5) -> 751.62727
A40: =A39+1 -> 2 | B40: Adicional Periculosidade 30% (Ver súmulas 364, 132 e 191 do TST) | H40: =I40/$I$47 -> 0 | I40: =IF(I9=30%,I39*I9,0) -> 0
A41: =A40+1 -> 3 | B41: Adicional Insalubridade 10% (Ver súmula 228 e 139 TST) | H41: =I41/$I$47 -> 0 | I41: =IF(I7=10%,I26*I7,0) -> 0
A42: =A41+1 -> 4 | B42: Adicional Insalubridade 20% (Ver súmula 228 e 139 TST) | H42: =I42/$I$47 -> 0 | I42: =IF(I7=20%,I26*I7,0) -> 0
A43: =A42+1 -> 5 | B43: Adicional Insalubridade 40% (Ver súmula 228 e 139 TST) | H43: =I43/$I$47 -> 0.28571503 | I43: =IF(I7=40%,I26*I7,0) -> 300.652
A44: =A43+1 -> 6 | B44: Adicional de Supervisor (IN 05/2017 MPOG SLTI) | H44: =I44/$I$47 -> 0 | I44: =IF(I25="Não aplicável",0,I39*I25) -> 0
A45: =A44+1 -> 7 | B45: Feriados | H45: =I45/$I$47 -> 0 | I45: =IF(I27="Não aplicável",0,(I39+I40+I41+I42+I43+I44)/I5*I27*(1+I28)) -> 0
A46: =A45+1 -> 8 | B46: DSR = número total das horas extras do mês / número de dias úteis X domingos e feriados do mês X valor da hora extra com acréscimo | H46: =I46/$I$47 -> 0 | I46: =IF(I27="Não aplicável",0,I27/I13*5*(I10/H10*(1+I28))) -> 0
A47: Total de Remuneração | H47: =SUM(H39:H46) -> 1 | I47: =SUM(I39:I46) -> 1052.2793
A58: II | B58: Encargos Sociais - Grupo II: Obrigações Sociais | H58: % | I58: Valor Mensal/unidade de serviço (R$)
A59: 1 | B59: INSS (art. 22, inc. I, Lei nº 8.212/91) | H59: 0.2 | I59: =$I$47*H59 -> 210.45585
A60: 2 | B60: SESI ou SESC (art. 30, Lei nº 8.036/90) | H60: 0.015 | I60: =$I$47*H60 -> 15.784189
A61: 3 | B61: SENAI ou SENAC (Decreto-Lei nº 2.318/86) | H61: 0.01 | I61: =$I$47*H61 -> 10.522793
A62: 4 | B62: INCRA (art. 15I, Lei Complementar nº 011/71) | H62: 0.002 | I62: =$I$47*H62 -> 2.1045585
A63: 5 | B63: SALÁRIO EDUCAÇÃO (art. , inc. I, Decreto nº 87.043/82) | H63: 0.025 | I63: =$I$47*H63 -> 26.306982
A64: 6 | B64: FGTS (art. 15, Lei nº 8.036/90) | H64: 0.08 | I64: =$I$47*H64 -> 84.182342
A65: 7 | B65: SEG. ACIDENTE DO TRABALHO 1%, 2% e 3% (art. 22, inc. II, alíneas "b" e "c", da Lei nº 8.212/91) | H65: 0.03 | I65: =$I$47*H65 -> 31.568378
A66: 8 | B66: SEBRAE (§ 3º, art. 8º, Lei nº 8.029/90) | H66: 0.006 | I66: =$I$47*H66 -> 6.3136756
A67: Total do Grupo II | H67: =SUM(H59:H66) -> 0.368 | I67: =SUM(I59:I66) -> 387.23877
A68: Os percentuais para o SAT podem variar de 0,50% a 6,00% em função do Fator de Acidente Previdenciário (FAP), Decreto nº 6.957/2009
A69: Deverá obrigatoriamente acompanhar a proposta de preços e a planilha de custos e formação de preços a prova do Fator Acidentário de Prevenção – FAP por meio de impressão de consulta ao site do Ministério da Previdência Social (que pode ser obtido no endereço eletrônico http://www2.dataprev.gov.br/fap/fap.htm), independentemente de alteração da alíquota da parcela do Seguro Acidente de Trabalho disposta no Quadro II da referida planilha.
A70: III | B70: Encargos Sociais - Grupo III: Tempo Não Trabalhado | H70: % | I70: Valor Mensal/unidade de serviço (R$)
A71: 1 | B71: FÉRIAS GOZADAS + ADICIONAL DE FÉRIAS | H71: 0.119314 | I71: =$I$47*H71 -> 125.55165
A72: 2 | B72: FALTAS ABONADAS (3) | H72: 0.020479 | I72: =$I$47*H72 -> 21.549627
A73: 3 | B73: FALTAS LEGAIS (4) | H73: 0.012123 | I73: =$I$47*H73 -> 12.756782
A74: 4 | B74: LICENÇA MATERNIDADE | H74: 0.011436 | I74: =$I$47*H74 -> 12.033866
A75: 5 | B75: LICENÇA PATERNIDADE | H75: 0.000174 | I75: =$I$47*H75 -> 0.18309659
A76: 6 | B76: ACIDENTE DE TRABALHO | H76: 0.000442 | I76: =$I$47*H76 -> 0.46510744
A77: 7 | B77: AVISO PRÉVIO TRABALHADO | H77: 0.000185 | I77: =$I$47*H77 -> 0.19467167
A78: 8 | B78: 13º SALÁRIO | H78: 0.09079 | I78: =$I$47*H78 -> 95.536435
A79: Total do Grupo III | H79: =SUM(H71:H78) -> 0.254943 | I79: =SUM(I71:I78) -> 268.27123
A80: (3) | B80: Faltas Justificadas por Auxílio Doença
A81: (4) | B81: Faltas Legais - Art. 473 CLT
A82: IV | B82: Encargos Sociais - Grupo IV: Indenizações | H82: % | I82: Valor Mensal/unidade de serviço (R$)
A83: 1 | B83: INDENIZAÇÕES | H83: 0.048321 | I83: =$I$47*H83 -> 50.847187
A84: 2 | B84: FGTS SOBRE INDENIZAÇÕES | H84: 0.003511 | I84: =$I$47*H84 -> 3.6945525
A85: 3 | B85: INDENIZAÇÃO COMPENSATÓRIA POR DEMISSÃO SEM JUSTA CAUSA | H85: 0.019328 | I85: =$I$47*H85 -> 20.338454
A86: Total do Grupo IV | H86: =SUM(H83:H85) -> 0.07116 | I86: =SUM(I83:I85) -> 74.880193
A88: V | B88: Encargos Sociais - Grupo V: Incidências | H88: % | I88: Valor Mensal/unidade de serviço (R$)
A89: 1 | B89: INCIDÊNCIA GRUPO II (Obrigações Sociais) X GRUPO III (Tempo Não Trabalhado) | H89: =(H67*H79) -> 0.093819024 | I89: =$I$47*H89 -> 98.723814
A90: Total do Grupo V | H90: =SUM(H89:H89) -> 0.093819024 | I90: =I89 -> 98.723814
A92: TOTAL DOS ENCARGOS SOCIAIS (II + III + IV + V) | H92: =H67+H79+H86+H90 -> 0.78792202 | I92: =I67+I79+I86+I90 -> 829.11401
A94: VI | B94: Demais custos relativos à Norma Coletiva ou Disposições Legais - Grupo VI | H94: % | I94: Valor Mensal/unidade de serviço (R$)
A95: 1 | B95: Auxílio Alimentação | H95: =I95/$I$47 -> 0 | I95: =I113 -> 0
A96: =A95+1 -> 2 | B96: Auxílio Lanche | H96: =I96/$I$47 -> 0.21523963 | I96: =I109 -> 226.4922
A97: =A96+1 -> 3 | B97: Plano de Saúde | H97: =I97/$I$47 -> 0 | I97: 0
A98: =A97+1 -> 4 | B98: Vale-Transporte⁽⁵⁾ | H98: =I98/$I$47 -> 0.16412218 | I98: =I105 -> 172.70236
A99: =A98+1 -> 5 | B99: Adicional Intervalar | H99: =I99/$I$47 -> 0 | I99: =IF(I29="Não aplicável",0,((I10/H10)*1.5*I29)) -> 0
A100: =A99+1 -> 6 | B100: Outros | H100: =I100/$I$47 -> 0.022902665 | I100: =IF(I21="Não aplicável",0,I21) -> 24.1
A101: Total do Grupo VI | H101: =SUM(H95:H100) -> 0.40226447 | I101: =SUM(I95:I100) -> 423.29456
A102: (5) | B102: O valor do vale-transporte pode variar de acordo com o modal fornecido pelo empregador.
A103: MEMÓRIA DE CÁLCULO DO VALE TRANSPORTE
A104: Valor Unitário | C104: Dias de Trabalho | D104: Vale p/dia | E104: Custo total | F104: Base de cálculo | G104: Percentual de desconto | H104: Valor desconto | I104: Custo efetivo
A105: =IF(I12="Não aplicável",0,I12) -> 4.95 | C105: =IF(I13="Não aplicável",0,I13) -> 22 | D105: 2 | E105: =A105*C105*D105 -> 217.8 | F105: =I39 -> 751.62727 | G105: =IF(I14="Não aplicável",0,I14) -> 0.06 | H105: =F105*G105 -> 45.097636 | I105: =IF((E105-H105)>0,E105-H105,0) -> 172.70236
A107: MEMÓRIA DE CÁLCULO DO VALE LANCHE
A108: Valor Unitário | C108: Dias por mês | D108: Vale p/dia | E108: Custo total | F108: Base de cálculo | G108: Percentual de desconto | H108: Valor desconto | I108: Custo efetivo
A109: =IF(I18="Não aplicável",0,I18) -> 12.71 | C109: =IF(I19="Não aplicável",0,I19) -> 22 | D109: 1 | E109: =A109*C109*D109 -> 279.62 | F109: =E109 -> 279.62 | G109: =IF(I20="Não aplicável",0,I20) -> 0.19 | H109: =F109*G109 -> 53.1278 | I109: =E109-H109 -> 226.4922
A111: MEMÓRIA DE CÁLCULO DO | F111: =A15 -> Auxílio Alimentação
A112: Valor Unitário | C112: Dias por mês | D112: Vale p/dia | E112: Custo total | F112: Base de cálculo | G112: Percentual de desconto | H112: =H104 -> Valor desconto | I112: Custo efetivo
A113: =IF(I15="Não aplicável",0,I15) -> 0 | C113: =IF(I16="Não aplicável",0,I16) -> 0 | D113: 1 | E113: =A113*C113*D113 -> 0 | F113: =E113 -> 0 | G113: =IF(I17="Não aplicável",0,I17) -> 0 | H113: =F113*G113 -> 0 | I113: =E113-H113 -> 0
A115: TOTAL DO MONTANTE A (I + II + III+ IV + V +VI) | H115: =H47+H92+H101 -> 2.1901865 | I115: =I47+I92+I101 -> 2304.6879
A117: MONTANTE B
A118: I | B118: Despesas Diretas | H118: % | I118: Valor Mensal/unidade de serviço (R$)
A119: 1 | B119: Transporte (6) | H119: =I119/$I$130 -> 0 | I119: 0
A120: 2 | B120: Uniformes/EPI (6a) | H120: =I120/$I$130 -> 0 | I120: 0
A121: 3 | B121: Seguro de vida | H121: =I121/$I$130 -> 0 | I121: 0
A122: 4 | B122: Materiais/Equipamentos | H122: =I122/$I$130 -> 0 | I122: 0
A123: 5 | B123: Mobilização (7) | H123: =I123/$I$130 -> 0 | I123: 0
A124: 6 | B124: Outros (especificar) | H124: =I124/$I$130 -> 0 | I124: 0
A125: Total de Despesas Diretas | H125: =H119+H120+H121+H122+H123+H124 -> 0 | I125: =SUM(I119:I124) -> 0
...

Sheet Serv Limpeza Pelotas
A1: PLANILHA DE CUSTOS E FORMAÇÃO DE PREÇOS DE SERVIÇOS CONTINUADOS COM DEDICAÇÃO EXCLUSIVA DE MÃO DE OBRA (ANEXO III - DECRETO 52.768 de 15.12.2015)
A2: PROCESSO: | C2: 25/1203-0021147-0 | E2: REGIME DE TRIBUTAÇÃO: LUCRO REAL
A3: LICITAÇÃO/EDITAL | E3: ABERTURA:
A5: Cargo/Função: | D5: Servente de limpeza | G5: =IF(D6="12x36","Regime de trabalho:","Quantidade de HORAS/MÊS") -> Quantidade de HORAS/MÊS | I5: =IF(D6="12x36",D6,5*D6) -> 100
A6: =IF(D6="12x36","Regime de trabalho:","Regime de trabalho (horas semanais):") -> Regime de trabalho (horas semanais): | D6: 20
A7: Convenção Coletiva de Trabalho: | D7: CCT - RS000022/2025 | G7: INSALUBRIDADE (10%, 20%, 40%) | I7: 0.4
A8: Origem do salário: | D8: CCT - RS000022/2025
A9: Cidade: | D9: Pelotas | G9: PERICULOSIDADE (30%) | I9: Não aplicável
A10: Salário Normativo | G10: Vlr. do salário e nº de horas correspondentes | H10: 220 | I10: 1653.58
A11: ISS | G11: =D9 -> Pelotas | H11: Alíquota | I11: 0.035
A12: Tarifa Transporte | G12: CCT | H12: Vr. Unitário | I12: 6
H13: Dias | I13: 22
H14: Desconto | I14: 0.06
A15: Auxílio Alimentação | G15: CCT | H15: Vr. Unitário | I15: 0
H16: Dias | I16: 0
H17: Desconto | I17: 0
A18: Auxílio Lanche | G18: CCT | H18: Vr. Unitário | I18: 12.71
H19: Dias | I19: 22
H20: Desconto | I20: 0.19
G21: CCT | H21: Valor mensal | I21: 24.1
A22: PLANO DE BENEFÍCIO SOCIAL FAMILIAR.
A25: Adicional de Supervisor (37%) | H25: Porcentagem | I25: Não aplicável
A26: Base de cálculo da insalubridade | H26: Valor | I26: 751.63
A27: Quantitativo de horas trabalhadas em feriados no mês (estimado) - Não aplicável para postos 12x36 | H27: Horas por mês | I27: Não aplicável
H28: Acréscimo da hora extra | I28: Não aplicável
A29: Hora Intervalar (somente para postos 12x36, quando for o caso) | H29: Horas por mês | I29: Não aplicável
A30: Sem fornecimento de materiais ou apenas fornecimento de EPIs ou uniformes, utilizar 10%. Com fornecimento de materiais ou equipamentos, utilizar 20%. (Decreto 52.768/2015, alterado pelo Decreto 53.424/2017) | H30: Porcentagem | I30: 0.2
I31: Não aplicável
A37: MONTANTE A
A38: I | B38: Remuneração - Grupo I | H38: % | I38: Valor Mensal/unidade de serviço (R$)
A39: 1 | B39: Salário | H39: =I39/$I$47 -> 0.71428497 | I39: =IF(D6="12x36",I10,I10/H10*I5) -> 751.62727
A40: =A39+1 -> 2 | B40: Adicional Periculosidade 30% (Ver súmulas 364, 132 e 191 do TST) | H40: =I40/$I$47 -> 0 | I40: =IF(I9=30%,I39*I9,0) -> 0
A41: =A40+1 -> 3 | B41: Adicional Insalubridade 10% (Ver súmula 228 e 139 TST) | H41: =I41/$I$47 -> 0 | I41: =IF(I7=10%,I26*I7,0) -> 0
A42: =A41+1 -> 4 | B42: Adicional Insalubridade 20% (Ver súmula 228 e 139 TST) | H42: =I42/$I$47 -> 0 | I42: =IF(I7=20%,I26*I7,0) -> 0
A43: =A42+1 -> 5 | B43: Adicional Insalubridade 40% (Ver súmula 228 e 139 TST) | H43: =I43/$I$47 -> 0.28571503 | I43: =IF(I7=40%,I26*I7,0) -> 300.652
A44: =A43+1 -> 6 | B44: Adicional de Supervisor (IN 05/2017 MPOG SLTI) | H44: =I44/$I$47 -> 0 | I44: =IF(I25="Não aplicável",0,I39*I25) -> 0
A45: =A44+1 -> 7 | B45: Feriados | H45: =I45/$I$47 -> 0 | I45: =IF(I27="Não aplicável",0,(I39+I40+I41+I42+I43+I44)/I5*I27*(1+I28)) -> 0
A46: =A45+1 -> 8 | B46: DSR = número total das horas extras do mês / número de dias úteis X domingos e feriados do mês X valor da hora extra com acréscimo | H46: =I46/$I$47 -> 0 | I46: =IF(I27="Não aplicável",0,I27/I13*5*(I10/H10*(1+I28))) -> 0
A47: Total de Remuneração | H47: =SUM(H39:H46) -> 1 | I47: =SUM(I39:I46) -> 1052.2793
A58: II | B58: Encargos Sociais - Grupo II: Obrigações Sociais | H58: % | I58: Valor Mensal/unidade de serviço (R$)
A59: 1 | B59: INSS (art. 22, inc. I, Lei nº 8.212/91) | H59: 0.2 | I59: =$I$47*H59 -> 210.45585
A60: 2 | B60: SESI ou SESC (art. 30, Lei nº 8.036/90) | H60: 0.015 | I60: =$I$47*H60 -> 15.784189
A61: 3 | B61: SENAI ou SENAC (Decreto-Lei nº 2.318/86) | H61: 0.01 | I61: =$I$47*H61 -> 10.522793
A62: 4 | B62: INCRA (art. 15I, Lei Complementar nº 011/71) | H62: 0.002 | I62: =$I$47*H62 -> 2.1045585
A63: 5 | B63: SALÁRIO EDUCAÇÃO (art. , inc. I, Decreto nº 87.043/82) | H63: 0.025 | I63: =$I$47*H63 -> 26.306982
A64: 6 | B64: FGTS (art. 15, Lei nº 8.036/90) | H64: 0.08 | I64: =$I$47*H64 -> 84.182342
A65: 7 | B65: SEG. ACIDENTE DO TRABALHO 1%, 2% e 3% (art. 22, inc. II, alíneas "b" e "c", da Lei nº 8.212/91) | H65: 0.03 | I65: =$I$47*H65 -> 31.568378
A66: 8 | B66: SEBRAE (§ 3º, art. 8º, Lei nº 8.029/90) | H66: 0.006 | I66: =$I$47*H66 -> 6.3136756
A67: Total do Grupo II | H67: =SUM(H59:H66) -> 0.368 | I67: =SUM(I59:I66) -> 387.23877
A68: Os percentuais para o SAT podem variar de 0,50% a 6,00% em função do Fator de Acidente Previdenciário (FAP), Decreto nº 6.957/2009
A69: Deverá obrigatoriamente acompanhar a proposta de preços e a planilha de custos e formação de preços a prova do Fator Acidentário de Prevenção – FAP por meio de impressão de consulta ao site do Ministério da Previdência Social (que pode ser obtido no endereço eletrônico http://www2.dataprev.gov.br/fap/fap.htm), independentemente de alteração da alíquota da parcela do Seguro Acidente de Trabalho disposta no Quadro II da referida planilha.
A70: III | B70: Encargos Sociais - Grupo III: Tempo Não Trabalhado | H70: % | I70: Valor Mensal/unidade de serviço (R$)
A71: 1 | B71: FÉRIAS GOZADAS + ADICIONAL DE FÉRIAS | H71: 0.119314 | I71: =$I$47*H71 -> 125.55165
A72: 2 | B72: FALTAS ABONADAS (3) | H72: 0.020479 | I72: =$I$47*H72 -> 21.549627
A73: 3 | B73: FALTAS LEGAIS (4) | H73: 0.012123 | I73: =$I$47*H73 -> 12.756782
A74: 4 | B74: LICENÇA MATERNIDADE | H74: 0.011436 | I74: =$I$47*H74 -> 12.033866
A75: 5 | B75: LICENÇA PATERNIDADE | H75: 0.000174 | I75: =$I$47*H75 -> 0.18309659
A76: 6 | B76: ACIDENTE DE TRABALHO | H76: 0.000442 | I76: =$I$47*H76 -> 0.46510744
A77: 7 | B77: AVISO PRÉVIO TRABALHADO | H77: 0.000185 | I77: =$I$47*H77 -> 0.19467167
A78: 8 | B78: 13º SALÁRIO | H78: 0.09079 | I78: =$I$47*H78 -> 95.536435
A79: Total do Grupo III | H79: =SUM(H71:H78) -> 0.254943 | I79: =SUM(I71:I78) -> 268.27123
A80: (3) | B80: Faltas Justificadas por Auxílio Doença
A81: (4) | B81: Faltas Legais - Art. 473 CLT
A82: IV | B82: Encargos Sociais - Grupo IV: Indenizações | H82: % | I82: Valor Mensal/unidade de serviço (R$)
A83: 1 | B83: INDENIZAÇÕES | H83: 0.048321 | I83: =$I$47*H83 -> 50.847187
A84: 2 | B84: FGTS SOBRE INDENIZAÇÕES | H84: 0.003511 | I84: =$I$47*H84 -> 3.6945525
A85: 3 | B85: INDENIZAÇÃO COMPENSATÓRIA POR DEMISSÃO SEM JUSTA CAUSA | H85: 0.019328 | I85: =$I$47*H85 -> 20.338454
A86: Total do Grupo IV | H86: =SUM(H83:H85) -> 0.07116 | I86: =SUM(I83:I85) -> 74.880193
A88: V | B88: Encargos Sociais - Grupo V: Incidências | H88: % | I88: Valor Mensal/unidade de serviço (R$)
A89: 1 | B89: INCIDÊNCIA GRUPO II (Obrigações Sociais) X GRUPO III (Tempo Não Trabalhado) | H89: =(H67*H79) -> 0.093819024 | I89: =$I$47*H89 -> 98.723814
A90: Total do Grupo V | H90: =SUM(H89:H89) -> 0.093819024 | I90: =I89 -> 98.723814
A92: TOTAL DOS ENCARGOS SOCIAIS (II + III + IV + V) | H92: =H67+H79+H86+H90 -> 0.78792202 | I92: =I67+I79+I86+I90 -> 829.11401
A94: VI | B94: Demais custos relativos à Norma Coletiva ou Disposições Legais - Grupo VI | H94: % | I94: Valor Mensal/unidade de serviço (R$)
A95: 1 | B95: Auxílio Alimentação | H95: =I95/$I$47 -> 0 | I95: =I113 -> 0
A96: =A95+1 -> 2 | B96: Auxílio Lanche | H96: =I96/$I$47 -> 0.21523963 | I96: =I109 -> 226.4922
A97: =A96+1 -> 3 | B97: Plano de Saúde | H97: =I97/$I$47 -> 0 | I97: 0
A98: =A97+1 -> 4 | B98: Vale-Transporte⁽⁵⁾ | H98: =I98/$I$47 -> 0.20802687 | I98: =I105 -> 218.90236
A99: =A98+1 -> 5 | B99: Adicional Intervalar | H99: =I99/$I$47 -> 0 | I99: =IF(I29="Não aplicável",0,((I10/H10)*1.5*I29)) -> 0
A100: =A99+1 -> 6 | B100: Outros | H100: =I100/$I$47 -> 0.022902665 | I100: =IF(I21="Não aplicável",0,I21) -> 24.1
A101: Total do Grupo VI | H101: =SUM(H95:H100) -> 0.44616916 | I101: =SUM(I95:I100) -> 469.49456
A102: (5) | B102: O valor do vale-transporte pode variar de acordo com o modal fornecido pelo empregador.
A103: MEMÓRIA DE CÁLCULO DO VALE TRANSPORTE
A104: Valor Unitário | C104: Dias de Trabalho | D104: Vale p/dia | E104: Custo total | F104: Base de cálculo | G104: Percentual de desconto | H104: Valor desconto | I104: Custo efetivo
A105: =IF(I12="Não aplicável",0,I12) -> 6 | C105: =IF(I13="Não aplicável",0,I13) -> 22 | D105: 2 | E105: =A105*C105*D105 -> 264 | F105: =I39 -> 751.62727 | G105: =IF(I14="Não aplicável",0,I14) -> 0.06 | H105: =F105*G105 -> 45.097636 | I105: =IF((E105-H105)>0,E105-H105,0) -> 218.90236
A107: MEMÓRIA DE CÁLCULO DO VALE LANCHE
A108: Valor Unitário | C108: Dias por mês | D108: Vale p/dia | E108: Custo total | F108: Base de cálculo | G108: Percentual de desconto | H108: Valor desconto | I108: Custo efetivo
A109: =IF(I18="Não aplicável",0,I18) -> 12.71 | C109: =IF(I19="Não aplicável",0,I19) -> 22 | D109: 1 | E109: =A109*C109*D109 -> 279.62 | F109: =E109 -> 279.62 | G109: =IF(I20="Não aplicável",0,I20) -> 0.19 | H109: =F109*G109 -> 53.1278 | I109: =E109-H109 -> 226.4922
A111: MEMÓRIA DE CÁLCULO DO | F111: =A15 -> Auxílio Alimentação
A112: Valor Unitário | C112: Dias por mês | D112: Vale p/dia | E112: Custo total | F112: Base de cálculo | G112: Percentual de desconto | H112: =H104 -> Valor desconto | I112: Custo efetivo
A113: =IF(I15="Não aplicável",0,I15) -> 0 | C113: =IF(I16="Não aplicável",0,I16) -> 0 | D113: 1 | E113: =A113*C113*D113 -> 0 | F113: =E113 -> 0 | G113: =IF(I17="Não aplicável",0,I17) -> 0 | H113: =F113*G113 -> 0 | I113: =E113-H113 -> 0
A115: TOTAL DO MONTANTE A (I + II + III+ IV + V +VI) | H115: =H47+H92+H101 -> 2.2340912 | I115: =I47+I92+I101 -> 2350.8879
A117: MONTANTE B
A118: I | B118: Despesas Diretas | H118: % | I118: Valor Mensal/unidade de serviço (R$)
A119: 1 | B119: Transporte (6) | H119: =I119/$I$130 -> 0 | I119: 0
A120: 2 | B120: Uniformes/EPI (6a) | H120: =I120/$I$130 -> 0 | I120: 0
A121: 3 | B121: Seguro de vida | H121: =I121/$I$130 -> 0 | I121: 0
A122: 4 | B122: Materiais/Equipamentos | H122: =I122/$I$130 -> 0 | I122: 0
A123: 5 | B123: Mobilização (7) | H123: =I123/$I$130 -> 0 | I123: 0
A124: 6 | B124: Outros (especificar) | H124: =I124/$I$130 -> 0 | I124: 0
A125: Total de Despesas Diretas | H125: =H119+H120+H121+H122+H123+H124 -> 0 | I125: =SUM(I119:I124) -> 0
...

Sheet Serv Limpeza Uruguaiana
A1: PLANILHA DE CUSTOS E FORMAÇÃO DE PREÇOS DE SERVIÇOS CONTINUADOS COM DEDICAÇÃO EXCLUSIVA DE MÃO DE OBRA (ANEXO III - DECRETO 52.768 de 15.12.2015)
A2: PROCESSO: | C2: 25/1203-0021147-0 | E2: REGIME DE TRIBUTAÇÃO: LUCRO REAL
A3: LICITAÇÃO/EDITAL | E3: ABERTURA:
A5: Cargo/Função: | D5: Servente de limpeza | G5: =IF(D6="12x36","Regime de trabalho:","Quantidade de HORAS/MÊS") -> Quantidade de HORAS/MÊS | I5: =IF(D6="12x36",D6,5*D6) -> 100
A6: =IF(D6="12x36","Regime de trabalho:","Regime de trabalho (horas semanais):") -> Regime de trabalho (horas semanais): | D6: 20
A7: Convenção Coletiva de Trabalho: | D7: CCT - RS000022/2025 | G7: INSALUBRIDADE (10%, 20%, 40%) | I7: 0.4
A8: Origem do salário: | D8: CCT - RS000022/2025
A9: Cidade: | D9: Uruguaiana | G9: PERICULOSIDADE (30%) | I9: Não aplicável
A10: Salário Normativo | G10: Vlr. do salário e nº de horas correspondentes | H10: 220 | I10: 1653.58
A11: ISS | G11: =D9 -> Uruguaiana | H11: Alíquota | I11: 0.03
A12: Tarifa Transporte | G12: CCT | H12: Vr. Unitário | I12: 5.3
H13: Dias | I13: 22
H14: Desconto | I14: 0.06
A15: Auxílio Alimentação | G15: CCT | H15: Vr. Unitário | I15: 0
H16: Dias | I16: 0
H17: Desconto | I17: 0
A18: Auxílio Lanche | G18: CCT | H18: Vr. Unitário | I18: 12.71
H19: Dias | I19: 22
H20: Desconto | I20: 0.19
G21: CCT | H21: Valor mensal | I21: 24.1
A22: PLANO DE BENEFÍCIO SOCIAL FAMILIAR.
A25: Adicional de Supervisor (37%) | H25: Porcentagem | I25: Não aplicável
A26: Base de cálculo da insalubridade | H26: Valor | I26: 751.63
A27: Quantitativo de horas trabalhadas em feriados no mês (estimado) - Não aplicável para postos 12x36 | H27: Horas por mês | I27: Não aplicável
H28: Acréscimo da hora extra | I28: Não aplicável
A29: Hora Intervalar (somente para postos 12x36, quando for o caso) | H29: Horas por mês | I29: Não aplicável
A30: Sem fornecimento de materiais ou apenas fornecimento de EPIs ou uniformes, utilizar 10%. Com fornecimento de materiais ou equipamentos, utilizar 20%. (Decreto 52.768/2015, alterado pelo Decreto 53.424/2017) | H30: Porcentagem | I30: 0.2
I31: Não aplicável
A37: MONTANTE A
A38: I | B38: Remuneração - Grupo I | H38: % | I38: Valor Mensal/unidade de serviço (R$)
A39: 1 | B39: Salário | H39: =I39/$I$47 -> 0.71428497 | I39: =IF(D6="12x36",I10,I10/H10*I5) -> 751.62727
A40: =A39+1 -> 2 | B40: Adicional Periculosidade 30% (Ver súmulas 364, 132 e 191 do TST) | H40: =I40/$I$47 -> 0 | I40: =IF(I9=30%,I39*I9,0) -> 0
A41: =A40+1 -> 3 | B41: Adicional Insalubridade 10% (Ver súmula 228 e 139 TST) | H41: =I41/$I$47 -> 0 | I41: =IF(I7=10%,I26*I7,0) -> 0
A42: =A41+1 -> 4 | B42: Adicional Insalubridade 20% (Ver súmula 228 e 139 TST) | H42: =I42/$I$47 -> 0 | I42: =IF(I7=20%,I26*I7,0) -> 0
A43: =A42+1 -> 5 | B43: Adicional Insalubridade 40% (Ver súmula 228 e 139 TST) | H43: =I43/$I$47 -> 0.28571503 | I43: =IF(I7=40%,I26*I7,0) -> 300.652
A44: =A43+1 -> 6 | B44: Adicional de Supervisor (IN 05/2017 MPOG SLTI) | H44: =I44/$I$47 -> 0 | I44: =IF(I25="Não aplicável",0,I39*I25) -> 0
A45: =A44+1 -> 7 | B45: Feriados | H45: =I45/$I$47 -> 0 | I45: =IF(I27="Não aplicável",0,(I39+I40+I41+I42+I43+I44)/I5*I27*(1+I28)) -> 0
A46: =A45+1 -> 8 | B46: DSR = número total das horas extras do mês / número de dias úteis X domingos e feriados do mês X valor da hora extra com acréscimo | H46: =I46/$I$47 -> 0 | I46: =IF(I27="Não aplicável",0,I27/I13*5*(I10/H10*(1+I28))) -> 0
A47: Total de Remuneração | H47: =SUM(H39:H46) -> 1 | I47: =SUM(I39:I46) -> 1052.2793
A58: II | B58: Encargos Sociais - Grupo II: Obrigações Sociais | H58: % | I58: Valor Mensal/unidade de serviço (R$)
A59: 1 | B59: INSS (art. 22, inc. I, Lei nº 8.212/91) | H59: 0.2 | I59: =$I$47*H59 -> 210.45585
A60: 2 | B60: SESI ou SESC (art. 30, Lei nº 8.036/90) | H60: 0.015 | I60: =$I$47*H60 -> 15.784189
A61: 3 | B61: SENAI ou SENAC (Decreto-Lei nº 2.318/86) | H61: 0.01 | I61: =$I$47*H61 -> 10.522793
A62: 4 | B62: INCRA (art. 15I, Lei Complementar nº 011/71) | H62: 0.002 | I62: =$I$47*H62 -> 2.1045585
A63: 5 | B63: SALÁRIO EDUCAÇÃO (art. , inc. I, Decreto nº 87.043/82) | H63: 0.025 | I63: =$I$47*H63 -> 26.306982
A64: 6 | B64: FGTS (art. 15, Lei nº 8.036/90) | H64: 0.08 | I64: =$I$47*H64 -> 84.182342
A65: 7 | B65: SEG. ACIDENTE DO TRABALHO 1%, 2% e 3% (art. 22, inc. II, alíneas "b" e "c", da Lei nº 8.212/91) | H65: 0.03 | I65: =$I$47*H65 -> 31.568378
A66: 8 | B66: SEBRAE (§ 3º, art. 8º, Lei nº 8.029/90) | H66: 0.006 | I66: =$I$47*H66 -> 6.3136756
A67: Total do Grupo II | H67: =SUM(H59:H66) -> 0.368 | I67: =SUM(I59:I66) -> 387.23877
A68: Os percentuais para o SAT podem variar de 0,50% a 6,00% em função do Fator de Acidente Previdenciário (FAP), Decreto nº 6.957/2009
A69: Deverá obrigatoriamente acompanhar a proposta de preços e a planilha de custos e formação de preços a prova do Fator Acidentário de Prevenção – FAP por meio de impressão de consulta ao site do Ministério da Previdência Social (que pode ser obtido no endereço eletrônico http://www2.dataprev.gov.br/fap/fap.htm), independentemente de alteração da alíquota da parcela do Seguro Acidente de Trabalho disposta no Quadro II da referida planilha.
A70: III | B70: Encargos Sociais - Grupo III: Tempo Não Trabalhado | H70: % | I70: Valor Mensal/unidade de serviço (R$)
A71: 1 | B71: FÉRIAS GOZADAS + ADICIONAL DE FÉRIAS | H71: 0.119314 | I71: =$I$47*H71 -> 125.55165
A72: 2 | B72: FALTAS ABONADAS (3) | H72: 0.020479 | I72: =$I$47*H72 -> 21.549627
A73: 3 | B73: FALTAS LEGAIS (4) | H73: 0.012123 | I73: =$I$47*H73 -> 12.756782
A74: 4 | B74: LICENÇA MATERNIDADE | H74: 0.011436 | I74: =$I$47*H74 -> 12.033866
A75: 5 | B75: LICENÇA PATERNIDADE | H75: 0.000174 | I75: =$I$47*H75 -> 0.18309659
A76: 6 | B76: ACIDENTE DE TRABALHO | H76: 0.000442 | I76: =$I$47*H76 -> 0.46510744
A77: 7 | B77: AVISO PRÉVIO TRABALHADO | H77: 0.000185 | I77: =$I$47*H77 -> 0.19467167
A78: 8 | B78: 13º SALÁRIO | H78: 0.09079 | I78: =$I$47*H78 -> 95.536435
A79: Total do Grupo III | H79: =SUM(H71:H78) -> 0.254943 | I79: =SUM(I71:I78) -> 268.27123
A80: (3) | B80: Faltas Justificadas por Auxílio Doença
A81: (4) | B81: Faltas Legais - Art. 473 CLT
A82: IV | B82: Encargos Sociais - Grupo IV: Indenizações | H82: % | I82: Valor Mensal/unidade de serviço (R$)
A83: 1 | B83: INDENIZAÇÕES | H83: 0.048321 | I83: =$I$47*H83 -> 50.847187
A84: 2 | B84: FGTS SOBRE INDENIZAÇÕES | H84: 0.003511 | I84: =$I$47*H84 -> 3.6945525
A85: 3 | B85: INDENIZAÇÃO COMPENSATÓRIA POR DEMISSÃO SEM JUSTA CAUSA | H85: 0.019328 | I85: =$I$47*H85 -> 20.338454
A86: Total do Grupo IV | H86: =SUM(H83:H85) -> 0.07116 | I86: =SUM(I83:I85) -> 74.880193
A88: V | B88: Encargos Sociais - Grupo V: Incidências | H88: % | I88: Valor Mensal/unidade de serviço (R$)
A89: 1 | B89: INCIDÊNCIA GRUPO II (Obrigações Sociais) X GRUPO III (Tempo Não Trabalhado) | H89: =(H67*H79) -> 0.093819024 | I89: =$I$47*H89 -> 98.723814
A90: Total do Grupo V | H90: =SUM(H89:H89) -> 0.093819024 | I90: =I89 -> 98.723814
A92: TOTAL DOS ENCARGOS SOCIAIS (II + III + IV + V) | H92: =H67+H79+H86+H90 -> 0.78792202 | I92: =I67+I79+I86+I90 -> 829.11401
A94: VI | B94: Demais custos relativos à Norma Coletiva ou Disposições Legais - Grupo VI | H94: % | I94: Valor Mensal/unidade de serviço (R$)
A95: 1 | B95: Auxílio Alimentação | H95: =I95/$I$47 -> 0 | I95: =I113 -> 0
A96: =A95+1 -> 2 | B96: Auxílio Lanche | H96: =I96/$I$47 -> 0.21523963 | I96: =I109 -> 226.4922
A97: =A96+1 -> 3 | B97: Plano de Saúde | H97: =I97/$I$47 -> 0 | I97: 0
A98: =A97+1 -> 4 | B98: Vale-Transporte⁽⁵⁾ | H98: =I98/$I$47 -> 0.17875707 | I98: =I105 -> 188.10236
A99: =A98+1 -> 5 | B99: Adicional Intervalar | H99: =I99/$I$47 -> 0 | I99: =IF(I29="Não aplicável",0,((I10/H10)*1.5*I29)) -> 0
A100: =A99+1 -> 6 | B100: Outros | H100: =I100/$I$47 -> 0.022902665 | I100: =IF(I21="Não aplicável",0,I21) -> 24.1
A101: Total do Grupo VI | H101: =SUM(H95:H100) -> 0.41689937 | I101: =SUM(I95:I100) -> 438.69456
A102: (5) | B102: O valor do vale-transporte pode variar de acordo com o modal fornecido pelo empregador.
A103: MEMÓRIA DE CÁLCULO DO VALE TRANSPORTE
A104: Valor Unitário | C104: Dias de Trabalho | D104: Vale p/dia | E104: Custo total | F104: Base de cálculo | G104: Percentual de desconto | H104: Valor desconto | I104: Custo efetivo
A105: =IF(I12="Não aplicável",0,I12) -> 5.3 | C105: =IF(I13="Não aplicável",0,I13) -> 22 | D105: 2 | E105: =A105*C105*D105 -> 233.2 | F105: =I39 -> 751.62727 | G105: =IF(I14="Não aplicável",0,I14) -> 0.06 | H105: =F105*G105 -> 45.097636 | I105: =IF((E105-H105)>0,E105-H105,0) -> 188.10236
A107: MEMÓRIA DE CÁLCULO DO VALE LANCHE
A108: Valor Unitário | C108: Dias por mês | D108: Vale p/dia | E108: Custo total | F108: Base de cálculo | G108: Percentual de desconto | H108: Valor desconto | I108: Custo efetivo
A109: =IF(I18="Não aplicável",0,I18) -> 12.71 | C109: =IF(I19="Não aplicável",0,I19) -> 22 | D109: 1 | E109: =A109*C109*D109 -> 279.62 | F109: =E109 -> 279.62 | G109: =IF(I20="Não aplicável",0,I20) -> 0.19 | H109: =F109*G109 -> 53.1278 | I109: =E109-H109 -> 226.4922
A111: MEMÓRIA DE CÁLCULO DO | F111: =A15 -> Auxílio Alimentação
A112: Valor Unitário | C112: Dias por mês | D112: Vale p/dia | E112: Custo total | F112: Base de cálculo | G112: Percentual de desconto | H112: =H104 -> Valor desconto | I112: Custo efetivo
A113: =IF(I15="Não aplicável",0,I15) -> 0 | C113: =IF(I16="Não aplicável",0,I16) -> 0 | D113: 1 | E113: =A113*C113*D113 -> 0 | F113: =E113 -> 0 | G113: =IF(I17="Não aplicável",0,I17) -> 0 | H113: =F113*G113 -> 0 | I113: =E113-H113 -> 0
A115: TOTAL DO MONTANTE A (I + II + III+ IV + V +VI) | H115: =H47+H92+H101 -> 2.2048214 | I115: =I47+I92+I101 -> 2320.0879
A117: MONTANTE B
A118: I | B118: Despesas Diretas | H118: % | I118: Valor Mensal/unidade de serviço (R$)
A119: 1 | B119: Transporte (6) | H119: =I119/$I$130 -> 0 | I119: 0
A120: 2 | B120: Uniformes/EPI (6a) | H120: =I120/$I$130 -> 0 | I120: 0
A121: 3 | B121: Seguro de vida | H121: =I121/$I$130 -> 0 | I121: 0
A122: 4 | B122: Materiais/Equipamentos | H122: =I122/$I$130 -> 0 | I122: 0
A123: 5 | B123: Mobilização (7) | H123: =I123/$I$130 -> 0 | I123: 0
A124: 6 | B124: Outros (especificar) | H124: =I124/$I$130 -> 0 | I124: 0
A125: Total de Despesas Diretas | H125: =H119+H120+H121+H122+H123+H124 -> 0 | I125: =SUM(I119:I124) -> 0
...

Sheet Serv Limpeza Sto Angelo
A1: PLANILHA DE CUSTOS E FORMAÇÃO DE PREÇOS DE SERVIÇOS CONTINUADOS COM DEDICAÇÃO EXCLUSIVA DE MÃO DE OBRA (ANEXO III - DECRETO 52.768 de 15.12.2015)
A2: PROCESSO: | C2: 25/1203-0021147-0 | E2: REGIME DE TRIBUTAÇÃO: LUCRO REAL
A3: LICITAÇÃO/EDITAL | E3: ABERTURA:
A5: Cargo/Função: | D5: Servente de limpeza | G5: =IF(D6="12x36","Regime de trabalho:","Quantidade de HORAS/MÊS") -> Quantidade de HORAS/MÊS | I5: =IF(D6="12x36",D6,5*D6) -> 100
A6: =IF(D6="12x36","Regime de trabalho:","Regime de trabalho (horas semanais):") -> Regime de trabalho (horas semanais): | D6: 20
A7: Convenção Coletiva de Trabalho: | D7: CCT - RS000022/2025 | G7: INSALUBRIDADE (10%, 20%, 40%) | I7: 0.4
A8: Origem do salário: | D8: CCT - RS000022/2025
A9: Cidade: | D9: Santo Ângelo | G9: PERICULOSIDADE (30%) | I9: Não aplicável
A10: Salário Normativo | G10: Vlr. do salário e nº de horas correspondentes | H10: 220 | I10: 1653.58
A11: ISS | G11: =D9 -> Santo Ângelo | H11: Alíquota | I11: 0.03
A12: Tarifa Transporte | G12: CCT | H12: Vr. Unitário | I12: 5
H13: Dias | I13: 22
H14: Desconto | I14: 0.06
A15: Auxílio Alimentação | G15: CCT | H15: Vr. Unitário | I15: 0
H16: Dias | I16: 0
H17: Desconto | I17: 0
A18: Auxílio Lanche | G18: CCT | H18: Vr. Unitário | I18: 12.71
H19: Dias | I19: 22
H20: Desconto | I20: 0.19
G21: CCT | H21: Valor mensal | I21: 24.1
A22: PLANO DE BENEFÍCIO SOCIAL FAMILIAR.
A25: Adicional de Supervisor (37%) | H25: Porcentagem | I25: Não aplicável
A26: Base de cálculo da insalubridade | H26: Valor | I26: 751.63
A27: Quantitativo de horas trabalhadas em feriados no mês (estimado) - Não aplicável para postos 12x36 | H27: Horas por mês | I27: Não aplicável
H28: Acréscimo da hora extra | I28: Não aplicável
A29: Hora Intervalar (somente para postos 12x36, quando for o caso) | H29: Horas por mês | I29: Não aplicável
A30: Sem fornecimento de materiais ou apenas fornecimento de EPIs ou uniformes, utilizar 10%. Com fornecimento de materiais ou equipamentos, utilizar 20%. (Decreto 52.768/2015, alterado pelo Decreto 53.424/2017) | H30: Porcentagem | I30: 0.2
I31: Não aplicável
A37: MONTANTE A
A38: I | B38: Remuneração - Grupo I | H38: % | I38: Valor Mensal/unidade de serviço (R$)
A39: 1 | B39: Salário | H39: =I39/$I$47 -> 0.71428497 | I39: =IF(D6="12x36",I10,I10/H10*I5) -> 751.62727
A40: =A39+1 -> 2 | B40: Adicional Periculosidade 30% (Ver súmulas 364, 132 e 191 do TST) | H40: =I40/$I$47 -> 0 | I40: =IF(I9=30%,I39*I9,0) -> 0
A41: =A40+1 -> 3 | B41: Adicional Insalubridade 10% (Ver súmula 228 e 139 TST) | H41: =I41/$I$47 -> 0 | I41: =IF(I7=10%,I26*I7,0) -> 0
A42: =A41+1 -> 4 | B42: Adicional Insalubridade 20% (Ver súmula 228 e 139 TST) | H42: =I42/$I$47 -> 0 | I42: =IF(I7=20%,I26*I7,0) -> 0
A43: =A42+1 -> 5 | B43: Adicional Insalubridade 40% (Ver súmula 228 e 139 TST) | H43: =I43/$I$47 -> 0.28571503 | I43: =IF(I7=40%,I26*I7,0) -> 300.652
A44: =A43+1 -> 6 | B44: Adicional de Supervisor (IN 05/2017 MPOG SLTI) | H44: =I44/$I$47 -> 0 | I44: =IF(I25="Não aplicável",0,I39*I25) -> 0
A45: =A44+1 -> 7 | B45: Feriados | H45: =I45/$I$47 -> 0 | I45: =IF(I27="Não aplicável",0,(I39+I40+I41+I42+I43+I44)/I5*I27*(1+I28)) -> 0
A46: =A45+1 -> 8 | B46: DSR = número total das horas extras do mês / número de dias úteis X domingos e feriados do mês X valor da hora extra com acréscimo | H46: =I46/$I$47 -> 0 | I46: =IF(I27="Não aplicável",0,I27/I13*5*(I10/H10*(1+I28))) -> 0
A47: Total de Remuneração | H47: =SUM(H39:H46) -> 1 | I47: =SUM(I39:I46) -> 1052.2793
A58: II | B58: Encargos Sociais - Grupo II: Obrigações Sociais | H58: % | I58: Valor Mensal/unidade de serviço (R$)
A59: 1 | B59: INSS (art. 22, inc. I, Lei nº 8.212/91) | H59: 0.2 | I59: =$I$47*H59 -> 210.45585
A60: 2 | B60: SESI ou SESC (art. 30, Lei nº 8.036/90) | H60: 0.015 | I60: =$I$47*H60 -> 15.784189
A61: 3 | B61: SENAI ou SENAC (Decreto-Lei nº 2.318/86) | H61: 0.01 | I61: =$I$47*H61 -> 10.522793
A62: 4 | B62: INCRA (art. 15I, Lei Complementar nº 011/71) | H62: 0.002 | I62: =$I$47*H62 -> 2.1045585
A63: 5 | B63: SALÁRIO EDUCAÇÃO (art. , inc. I, Decreto nº 87.043/82) | H63: 0.025 | I63: =$I$47*H63 -> 26.306982
A64: 6 | B64: FGTS (art. 15, Lei nº 8.036/90) | H64: 0.08 | I64: =$I$47*H64 -> 84.182342
A65: 7 | B65: SEG. ACIDENTE DO TRABALHO 1%, 2% e 3% (art. 22, inc. II, alíneas "b" e "c", da Lei nº 8.212/91) | H65: 0.03 | I65: =$I$47*H65 -> 31.568378
A66: 8 | B66: SEBRAE (§ 3º, art. 8º, Lei nº 8.029/90) | H66: 0.006 | I66: =$I$47*H66 -> 6.3136756
A67: Total do Grupo II | H67: =SUM(H59:H66) -> 0.368 | I67: =SUM(I59:I66) -> 387.23877
A68: Os percentuais para o SAT podem variar de 0,50% a 6,00% em função do Fator de Acidente Previdenciário (FAP), Decreto nº 6.957/2009
A69: Deverá obrigatoriamente acompanhar a proposta de preços e a planilha de custos e formação de preços a prova do Fator Acidentário de Prevenção – FAP por meio de impressão de consulta ao site do Ministério da Previdência Social (que pode ser obtido no endereço eletrônico http://www2.dataprev.gov.br/fap/fap.htm), independentemente de alteração da alíquota da parcela do Seguro Acidente de Trabalho disposta no Quadro II da referida planilha.
A70: III | B70: Encargos Sociais - Grupo III: Tempo Não Trabalhado | H70: % | I70: Valor Mensal/unidade de serviço (R$)
A71: 1 | B71: FÉRIAS GOZADAS + ADICIONAL DE FÉRIAS | H71: 0.119314 | I71: =$I$47*H71 -> 125.55165
A72: 2 | B72: FALTAS ABONADAS (3) | H72: 0.020479 | I72: =$I$47*H72 -> 21.549627
A73: 3 | B73: FALTAS LEGAIS (4) | H73: 0.012123 | I73: =$I$47*H73 -> 12.756782
A74: 4 | B74: LICENÇA MATERNIDADE | H74: 0.011436 | I74: =$I$47*H74 -> 12.033866
A75: 5 | B75: LICENÇA PATERNIDADE | H75: 0.000174 | I75: =$I$47*H75 -> 0.18309659
A76: 6 | B76: ACIDENTE DE TRABALHO | H76: 0.000442 | I76: =$I$47*H76 -> 0.46510744
A77: 7 | B77: AVISO PRÉVIO TRABALHADO | H77: 0.000185 | I77: =$I$47*H77 -> 0.19467167
A78: 8 | B78: 13º SALÁRIO | H78: 0.09079 | I78: =$I$47*H78 -> 95.536435
A79: Total do Grupo III | H79: =SUM(H71:H78) -> 0.254943 | I79: =SUM(I71:I78) -> 268.27123
A80: (3) | B80: Faltas Justificadas por Auxílio Doença
A81: (4) | B81: Faltas Legais - Art. 473 CLT
A82: IV | B82: Encargos Sociais - Grupo IV: Indenizações | H82: % | I82: Valor Mensal/unidade de serviço (R$)
A83: 1 | B83: INDENIZAÇÕES | H83: 0.048321 | I83: =$I$47*H83 -> 50.847187
A84: 2 | B84: FGTS SOBRE INDENIZAÇÕES | H84: 0.003511 | I84: =$I$47*H84 -> 3.6945525
A85: 3 | B85: INDENIZAÇÃO COMPENSATÓRIA POR DEMISSÃO SEM JUSTA CAUSA | H85: 0.019328 | I85: =$I$47*H85 -> 20.338454
A86: Total do Grupo IV | H86: =SUM(H83:H85) -> 0.07116 | I86: =SUM(I83:I85) -> 74.880193
A88: V | B88: Encargos Sociais - Grupo V: Incidências | H88: % | I88: Valor Mensal/unidade de serviço (R$)
A89: 1 | B89: INCIDÊNCIA GRUPO II (Obrigações Sociais) X GRUPO III (Tempo Não Trabalhado) | H89: =(H67*H79) -> 0.093819024 | I89: =$I$47*H89 -> 98.723814
A90: Total do Grupo V | H90: =SUM(H89:H89) -> 0.093819024 | I90: =I89 -> 98.723814
A92: TOTAL DOS ENCARGOS SOCIAIS (II + III + IV + V) | H92: =H67+H79+H86+H90 -> 0.78792202 | I92: =I67+I79+I86+I90 -> 829.11401
A94: VI | B94: Demais custos relativos à Norma Coletiva ou Disposições Legais - Grupo VI | H94: % | I94: Valor Mensal/unidade de serviço (R$)
A95: 1 | B95: Auxílio Alimentação | H95: =I95/$I$47 -> 0 | I95: =I113 -> 0
A96: =A95+1 -> 2 | B96: Auxílio Lanche | H96: =I96/$I$47 -> 0.21523963 | I96: =I109 -> 226.4922
A97: =A96+1 -> 3 | B97: Plano de Saúde | H97: =I97/$I$47 -> 0 | I97: 0
A98: =A97+1 -> 4 | B98: Vale-Transporte⁽⁵⁾ | H98: =I98/$I$47 -> 0.16621288 | I98: =I105 -> 174.90236
A99: =A98+1 -> 5 | B99: Adicional Intervalar | H99: =I99/$I$47 -> 0 | I99: =IF(I29="Não aplicável",0,((I10/H10)*1.5*I29)) -> 0
A100: =A99+1 -> 6 | B100: Outros | H100: =I100/$I$47 -> 0.022902665 | I100: =IF(I21="Não aplicável",0,I21) -> 24.1
A101: Total do Grupo VI | H101: =SUM(H95:H100) -> 0.40435517 | I101: =SUM(I95:I100) -> 425.49456
A102: (5) | B102: O valor do vale-transporte pode variar de acordo com o modal fornecido pelo empregador.
A103: MEMÓRIA DE CÁLCULO DO VALE TRANSPORTE
A104: Valor Unitário | C104: Dias de Trabalho | D104: Vale p/dia | E104: Custo total | F104: Base de cálculo | G104: Percentual de desconto | H104: Valor desconto | I104: Custo efetivo
A105: =IF(I12="Não aplicável",0,I12) -> 5 | C105: =IF(I13="Não aplicável",0,I13) -> 22 | D105: 2 | E105: =A105*C105*D105 -> 220 | F105: =I39 -> 751.62727 | G105: =IF(I14="Não aplicável",0,I14) -> 0.06 | H105: =F105*G105 -> 45.097636 | I105: =IF((E105-H105)>0,E105-H105,0) -> 174.90236
A107: MEMÓRIA DE CÁLCULO DO VALE LANCHE
A108: Valor Unitário | C108: Dias por mês | D108: Vale p/dia | E108: Custo total | F108: Base de cálculo | G108: Percentual de desconto | H108: Valor desconto | I108: Custo efetivo
A109: =IF(I18="Não aplicável",0,I18) -> 12.71 | C109: =IF(I19="Não aplicável",0,I19) -> 22 | D109: 1 | E109: =A109*C109*D109 -> 279.62 | F109: =E109 -> 279.62 | G109: =IF(I20="Não aplicável",0,I20) -> 0.19 | H109: =F109*G109 -> 53.1278 | I109: =E109-H109 -> 226.4922
A111: MEMÓRIA DE CÁLCULO DO | F111: =A15 -> Auxílio Alimentação
A112: Valor Unitário | C112: Dias por mês | D112: Vale p/dia | E112: Custo total | F112: Base de cálculo | G112: Percentual de desconto | H112: =H104 -> Valor desconto | I112: Custo efetivo
A113: =IF(I15="Não aplicável",0,I15) -> 0 | C113: =IF(I16="Não aplicável",0,I16) -> 0 | D113: 1 | E113: =A113*C113*D113 -> 0 | F113: =E113 -> 0 | G113: =IF(I17="Não aplicável",0,I17) -> 0 | H113: =F113*G113 -> 0 | I113: =E113-H113 -> 0
A115: TOTAL DO MONTANTE A (I + II + III+ IV + V +VI) | H115: =H47+H92+H101 -> 2.1922772 | I115: =I47+I92+I101 -> 2306.8879
A117: MONTANTE B
A118: I | B118: Despesas Diretas | H118: % | I118: Valor Mensal/unidade de serviço (R$)
A119: 1 | B119: Transporte (6) | H119: =I119/$I$130 -> 0 | I119: 0
A120: 2 | B120: Uniformes/EPI (6a) | H120: =I120/$I$130 -> 0 | I120: 0
A121: 3 | B121: Seguro de vida | H121: =I121/$I$130 -> 0 | I121: 0
A122: 4 | B122: Materiais/Equipamentos | H122: =I122/$I$130 -> 0 | I122: 0
A123: 5 | B123: Mobilização (7) | H123: =I123/$I$130 -> 0 | I123: 0
A124: 6 | B124: Outros (especificar) | H124: =I124/$I$130 -> 0 | I124: 0
A125: Total de Despesas Diretas | H125: =H119+H120+H121+H122+H123+H124 -> 0 | I125: =SUM(I119:I124) -> 0
...

Sheet Serv Limpeza Santa Maria
A1: PLANILHA DE CUSTOS E FORMAÇÃO DE PREÇOS DE SERVIÇOS CONTINUADOS COM DEDICAÇÃO EXCLUSIVA DE MÃO DE OBRA (ANEXO III - DECRETO 52.768 de 15.12.2015)
A2: PROCESSO: | C2: 25/1203-0021147-0 | E2: REGIME DE TRIBUTAÇÃO: LUCRO REAL
A3: LICITAÇÃO/EDITAL | E3: ABERTURA:
A5: Cargo/Função: | D5: Servente de limpeza | G5: =IF(D6="12x36","Regime de trabalho:","Quantidade de HORAS/MÊS") -> Quantidade de HORAS/MÊS | I5: =IF(D6="12x36",D6,5*D6) -> 100
A6: =IF(D6="12x36","Regime de trabalho:","Regime de trabalho (horas semanais):") -> Regime de trabalho (horas semanais): | D6: 20
A7: Convenção Coletiva de Trabalho: | D7: CCT - RS000022/2025 | G7: INSALUBRIDADE (10%, 20%, 40%) | I7: 0.4
A8: Origem do salário: | D8: CCT - RS000022/2025
A9: Cidade: | D9: Santa Maria | G9: PERICULOSIDADE (30%) | I9: Não aplicável
A10: Salário Normativo | G10: Vlr. do salário e nº de horas correspondentes | H10: 220 | I10: 1653.58
A11: ISS | G11: =D9 -> Santa Maria | H11: Alíquota | I11: 0.04
A12: Tarifa Transporte | G12: CCT | H12: Vr. Unitário | I12: 5.9
H13: Dias | I13: 22
H14: Desconto | I14: 0.06
A15: Auxílio Alimentação | G15: CCT | H15: Vr. Unitário | I15: 0
H16: Dias | I16: 0
H17: Desconto | I17: 0
A18: Auxílio Lanche | G18: CCT | H18: Vr. Unitário | I18: 12.71
H19: Dias | I19: 22
H20: Desconto | I20: 0.19
G21: CCT | H21: Valor mensal | I21: 24.1
A22: PLANO DE BENEFÍCIO SOCIAL FAMILIAR.
A25: Adicional de Supervisor (37%) | H25: Porcentagem | I25: Não aplicável
A26: Base de cálculo da insalubridade | H26: Valor | I26: 751.63
A27: Quantitativo de horas trabalhadas em feriados no mês (estimado) - Não aplicável para postos 12x36 | H27: Horas por mês | I27: Não aplicável
H28: Acréscimo da hora extra | I28: Não aplicável
A29: Hora Intervalar (somente para postos 12x36, quando for o caso) | H29: Horas por mês | I29: Não aplicável
A30: Sem fornecimento de materiais ou apenas fornecimento de EPIs ou uniformes, utilizar 10%. Com fornecimento de materiais ou equipamentos, utilizar 20%. (Decreto 52.768/2015, alterado pelo Decreto 53.424/2017) | H30: Porcentagem | I30: 0.2
I31: Não aplicável
A37: MONTANTE A
A38: I | B38: Remuneração - Grupo I | H38: % | I38: Valor Mensal/unidade de serviço (R$)
A39: 1 | B39: Salário | H39: =I39/$I$47 -> 0.71428497 | I39: =IF(D6="12x36",I10,I10/H10*I5) -> 751.62727
A40: =A39+1 -> 2 | B40: Adicional Periculosidade 30% (Ver súmulas 364, 132 e 191 do TST) | H40: =I40/$I$47 -> 0 | I40: =IF(I9=30%,I39*I9,0) -> 0
A41: =A40+1 -> 3 | B41: Adicional Insalubridade 10% (Ver súmula 228 e 139 TST) | H41: =I41/$I$47 -> 0 | I41: =IF(I7=10%,I26*I7,0) -> 0
A42: =A41+1 -> 4 | B42: Adicional Insalubridade 20% (Ver súmula 228 e 139 TST) | H42: =I42/$I$47 -> 0 | I42: =IF(I7=20%,I26*I7,0) -> 0
A43: =A42+1 -> 5 | B43: Adicional Insalubridade 40% (Ver súmula 228 e 139 TST) | H43: =I43/$I$47 -> 0.28571503 | I43: =IF(I7=40%,I26*I7,0) -> 300.652
A44: =A43+1 -> 6 | B44: Adicional de Supervisor (IN 05/2017 MPOG SLTI) | H44: =I44/$I$47 -> 0 | I44: =IF(I25="Não aplicável",0,I39*I25) -> 0
A45: =A44+1 -> 7 | B45: Feriados | H45: =I45/$I$47 -> 0 | I45: =IF(I27="Não aplicável",0,(I39+I40+I41+I42+I43+I44)/I5*I27*(1+I28)) -> 0
A46: =A45+1 -> 8 | B46: DSR = número total das horas extras do mês / número de dias úteis X domingos e feriados do mês X valor da hora extra com acréscimo | H46: =I46/$I$47 -> 0 | I46: =IF(I27="Não aplicável",0,I27/I13*5*(I10/H10*(1+I28))) -> 0
A47: Total de Remuneração | H47: =SUM(H39:H46) -> 1 | I47: =SUM(I39:I46) -> 1052.2793
A58: II | B58: Encargos Sociais - Grupo II: Obrigações Sociais | H58: % | I58: Valor Mensal/unidade de serviço (R$)
A59: 1 | B59: INSS (art. 22, inc. I, Lei nº 8.212/91) | H59: 0.2 | I59: =$I$47*H59 -> 210.45585
A60: 2 | B60: SESI ou SESC (art. 30, Lei nº 8.036/90) | H60: 0.015 | I60: =$I$47*H60 -> 15.784189
A61: 3 | B61: SENAI ou SENAC (Decreto-Lei nº 2.318/86) | H61: 0.01 | I61: =$I$47*H61 -> 10.522793
A62: 4 | B62: INCRA (art. 15I, Lei Complementar nº 011/71) | H62: 0.002 | I62: =$I$47*H62 -> 2.1045585
A63: 5 | B63: SALÁRIO EDUCAÇÃO (art. , inc. I, Decreto nº 87.043/82) | H63: 0.025 | I63: =$I$47*H63 -> 26.306982
A64: 6 | B64: FGTS (art. 15, Lei nº 8.036/90) | H64: 0.08 | I64: =$I$47*H64 -> 84.182342
A65: 7 | B65: SEG. ACIDENTE DO TRABALHO 1%, 2% e 3% (art. 22, inc. II, alíneas "b" e "c", da Lei nº 8.212/91) | H65: 0.03 | I65: =$I$47*H65 -> 31.568378
A66: 8 | B66: SEBRAE (§ 3º, art. 8º, Lei nº 8.029/90) | H66: 0.006 | I66: =$I$47*H66 -> 6.3136756
A67: Total do Grupo II | H67: =SUM(H59:H66) -> 0.368 | I67: =SUM(I59:I66) -> 387.23877
A68: Os percentuais para o SAT podem variar de 0,50% a 6,00% em função do Fator de Acidente Previdenciário (FAP), Decreto nº 6.957/2009
A69: Deverá obrigatoriamente acompanhar a proposta de preços e a planilha de custos e formação de preços a prova do Fator Acidentário de Prevenção – FAP por meio de impressão de consulta ao site do Ministério da Previdência Social (que pode ser obtido no endereço eletrônico http://www2.dataprev.gov.br/fap/fap.htm), independentemente de alteração da alíquota da parcela do Seguro Acidente de Trabalho disposta no Quadro II da referida planilha.
A70: III | B70: Encargos Sociais - Grupo III: Tempo Não Trabalhado | H70: % | I70: Valor Mensal/unidade de serviço (R$)
A71: 1 | B71: FÉRIAS GOZADAS + ADICIONAL DE FÉRIAS | H71: 0.119314 | I71: =$I$47*H71 -> 125.55165
A72: 2 | B72: FALTAS ABONADAS (3) | H72: 0.020479 | I72: =$I$47*H72 -> 21.549627
A73: 3 | B73: FALTAS LEGAIS (4) | H73: 0.012123 | I73: =$I$47*H73 -> 12.756782
A74: 4 | B74: LICENÇA MATERNIDADE | H74: 0.011436 | I74: =$I$47*H74 -> 12.033866
A75: 5 | B75: LICENÇA PATERNIDADE | H75: 0.000174 | I75: =$I$47*H75 -> 0.18309659
A76: 6 | B76: ACIDENTE DE TRABALHO | H76: 0.000442 | I76: =$I$47*H76 -> 0.46510744
A77: 7 | B77: AVISO PRÉVIO TRABALHADO | H77: 0.000185 | I77: =$I$47*H77 -> 0.19467167
A78: 8 | B78: 13º SALÁRIO | H78: 0.09079 | I78: =$I$47*H78 -> 95.536435
A79: Total do Grupo III | H79: =SUM(H71:H78) -> 0.254943 | I79: =SUM(I71:I78) -> 268.27123
A80: (3) | B80: Faltas Justificadas por Auxílio Doença
A81: (4) | B81: Faltas Legais - Art. 473 CLT
A82: IV | B82: Encargos Sociais - Grupo IV: Indenizações | H82: % | I82: Valor Mensal/unidade de serviço (R$)
A83: 1 | B83: INDENIZAÇÕES | H83: 0.048321 | I83: =$I$47*H83 -> 50.847187
A84: 2 | B84: FGTS SOBRE INDENIZAÇÕES | H84: 0.003511 | I84: =$I$47*H84 -> 3.6945525
A85: 3 | B85: INDENIZAÇÃO COMPENSATÓRIA POR DEMISSÃO SEM JUSTA CAUSA | H85: 0.019328 | I85: =$I$47*H85 -> 20.338454
A86: Total do Grupo IV | H86: =SUM(H83:H85) -> 0.07116 | I86: =SUM(I83:I85) -> 74.880193
A88: V | B88: Encargos Sociais - Grupo V: Incidências | H88: % | I88: Valor Mensal/unidade de serviço (R$)
A89: 1 | B89: INCIDÊNCIA GRUPO II (Obrigações Sociais) X GRUPO III (Tempo Não Trabalhado) | H89: =(H67*H79) -> 0.093819024 | I89: =$I$47*H89 -> 98.723814
A90: Total do Grupo V | H90: =SUM(H89:H89) -> 0.093819024 | I90: =I89 -> 98.723814
A92: TOTAL DOS ENCARGOS SOCIAIS (II + III + IV + V) | H92: =H67+H79+H86+H90 -> 0.78792202 | I92: =I67+I79+I86+I90 -> 829.11401
A94: VI | B94: Demais custos relativos à Norma Coletiva ou Disposições Legais - Grupo VI | H94: % | I94: Valor Mensal/unidade de serviço (R$)
A95: 1 | B95: Auxílio Alimentação | H95: =I95/$I$47 -> 0 | I95: =I113 -> 0
A96: =A95+1 -> 2 | B96: Auxílio Lanche | H96: =I96/$I$47 -> 0.21523963 | I96: =I109 -> 226.4922
A97: =A96+1 -> 3 | B97: Plano de Saúde | H97: =I97/$I$47 -> 0 | I97: 0
A98: =A97+1 -> 4 | B98: Vale-Transporte⁽⁵⁾ | H98: =I98/$I$47 -> 0.20384547 | I98: =I105 -> 214.50236
A99: =A98+1 -> 5 | B99: Adicional Intervalar | H99: =I99/$I$47 -> 0 | I99: =IF(I29="Não aplicável",0,((I10/H10)*1.5*I29)) -> 0
A100: =A99+1 -> 6 | B100: Outros | H100: =I100/$I$47 -> 0.022902665 | I100: =IF(I21="Não aplicável",0,I21) -> 24.1
A101: Total do Grupo VI | H101: =SUM(H95:H100) -> 0.44198776 | I101: =SUM(I95:I100) -> 465.09456
A102: (5) | B102: O valor do vale-transporte pode variar de acordo com o modal fornecido pelo empregador.
A103: MEMÓRIA DE CÁLCULO DO VALE TRANSPORTE
A104: Valor Unitário | C104: Dias de Trabalho | D104: Vale p/dia | E104: Custo total | F104: Base de cálculo | G104: Percentual de desconto | H104: Valor desconto | I104: Custo efetivo
A105: =IF(I12="Não aplicável",0,I12) -> 5.9 | C105: =IF(I13="Não aplicável",0,I13) -> 22 | D105: 2 | E105: =A105*C105*D105 -> 259.6 | F105: =I39 -> 751.62727 | G105: =IF(I14="Não aplicável",0,I14) -> 0.06 | H105: =F105*G105 -> 45.097636 | I105: =IF((E105-H105)>0,E105-H105,0) -> 214.50236
A107: MEMÓRIA DE CÁLCULO DO VALE LANCHE
A108: Valor Unitário | C108: Dias por mês | D108: Vale p/dia | E108: Custo total | F108: Base de cálculo | G108: Percentual de desconto | H108: Valor desconto | I108: Custo efetivo
A109: =IF(I18="Não aplicável",0,I18) -> 12.71 | C109: =IF(I19="Não aplicável",0,I19) -> 22 | D109: 1 | E109: =A109*C109*D109 -> 279.62 | F109: =E109 -> 279.62 | G109: =IF(I20="Não aplicável",0,I20) -> 0.19 | H109: =F109*G109 -> 53.1278 | I109: =E109-H109 -> 226.4922
A111: MEMÓRIA DE CÁLCULO DO | F111: =A15 -> Auxílio Alimentação
A112: Valor Unitário | C112: Dias por mês | D112: Vale p/dia | E112: Custo total | F112: Base de cálculo | G112: Percentual de desconto | H112: =H104 -> Valor desconto | I112: Custo efetivo
A113: =IF(I15="Não aplicável",0,I15) -> 0 | C113: =IF(I16="Não aplicável",0,I16) -> 0 | D113: 1 | E113: =A113*C113*D113 -> 0 | F113: =E113 -> 0 | G113: =IF(I17="Não aplicável",0,I17) -> 0 | H113: =F113*G113 -> 0 | I113: =E113-H113 -> 0
A115: TOTAL DO MONTANTE A (I + II + III+ IV + V +VI) | H115: =H47+H92+H101 -> 2.2299098 | I115: =I47+I92+I101 -> 2346.4879
A117: MONTANTE B
A118: I | B118: Despesas Diretas | H118: % | I118: Valor Mensal/unidade de serviço (R$)
A119: 1 | B119: Transporte (6) | H119: =I119/$I$130 -> 0 | I119: 0
A120: 2 | B120: Uniformes/EPI (6a) | H120: =I120/$I$130 -> 0 | I120: 0
A121: 3 | B121: Seguro de vida | H121: =I121/$I$130 -> 0 | I121: 0
A122: 4 | B122: Materiais/Equipamentos | H122: =I122/$I$130 -> 0 | I122: 0
A123: 5 | B123: Mobilização (7) | H123: =I123/$I$130 -> 0 | I123: 0
A124: 6 | B124: Outros (especificar) | H124: =I124/$I$130 -> 0 | I124: 0
A125: Total de Despesas Diretas | H125: =H119+H120+H121+H122+H123+H124 -> 0 | I125: =SUM(I119:I124) -> 0
...

Sheet Serv Limpeza Caxias
A1: PLANILHA DE CUSTOS E FORMAÇÃO DE PREÇOS DE SERVIÇOS CONTINUADOS COM DEDICAÇÃO EXCLUSIVA DE MÃO DE OBRA (ANEXO III - DECRETO 52.768 de 15.12.2015)
A2: PROCESSO: | C2: 25/1203-0021147-0 | E2: REGIME DE TRIBUTAÇÃO: LUCRO REAL
A3: LICITAÇÃO/EDITAL | E3: ABERTURA:
A5: Cargo/Função: | D5: Servente de limpeza | G5: =IF(D6="12x36","Regime de trabalho:","Quantidade de HORAS/MÊS") -> Quantidade de HORAS/MÊS | I5: =IF(D6="12x36",D6,5*D6) -> 100
A6: =IF(D6="12x36","Regime de trabalho:","Regime de trabalho (horas semanais):") -> Regime de trabalho (horas semanais): | D6: 20
A7: Convenção Coletiva de Trabalho: | D7: CCT - RS000022/2025 | G7: INSALUBRIDADE (10%, 20%, 40%) | I7: 0.4
A8: Origem do salário: | D8: CCT - RS000022/2025
A9: Cidade: | D9: Caxias do Sul | G9: PERICULOSIDADE (30%) | I9: Não aplicável
A10: Salário Normativo | G10: Vlr. do salário e nº de horas correspondentes | H10: 220 | I10: 1653.58
A11: ISS | G11: =D9 -> Caxias do Sul | H11: Alíquota | I11: 0.04
A12: Tarifa Transporte | G12: CCT | H12: Vr. Unitário | I12: 6.8
H13: Dias | I13: 22
H14: Desconto | I14: 0.06
A15: Auxílio Alimentação | G15: CCT | H15: Vr. Unitário | I15: 0
H16: Dias | I16: 0
H17: Desconto | I17: 0
A18: Auxílio Lanche | G18: CCT | H18: Vr. Unitário | I18: 12.71
H19: Dias | I19: 22
H20: Desconto | I20: 0.19
G21: CCT | H21: Valor mensal | I21: 24.1
A22: PLANO DE BENEFÍCIO SOCIAL FAMILIAR.
A25: Adicional de Supervisor (37%) | H25: Porcentagem | I25: Não aplicável
A26: Base de cálculo da insalubridade | H26: Valor | I26: 751.63
A27: Quantitativo de horas trabalhadas em feriados no mês (estimado) - Não aplicável para postos 12x36 | H27: Horas por mês | I27: Não aplicável
H28: Acréscimo da hora extra | I28: Não aplicável
A29: Hora Intervalar (somente para postos 12x36, quando for o caso) | H29: Horas por mês | I29: Não aplicável
A30: Sem fornecimento de materiais ou apenas fornecimento de EPIs ou uniformes, utilizar 10%. Com fornecimento de materiais ou equipamentos, utilizar 20%. (Decreto 52.768/2015, alterado pelo Decreto 53.424/2017) | H30: Porcentagem | I30: 0.2
I31: Não aplicável
A37: MONTANTE A
A38: I | B38: Remuneração - Grupo I | H38: % | I38: Valor Mensal/unidade de serviço (R$)
A39: 1 | B39: Salário | H39: =I39/$I$47 -> 0.71428497 | I39: =IF(D6="12x36",I10,I10/H10*I5) -> 751.62727
A40: =A39+1 -> 2 | B40: Adicional Periculosidade 30% (Ver súmulas 364, 132 e 191 do TST) | H40: =I40/$I$47 -> 0 | I40: =IF(I9=30%,I39*I9,0) -> 0
A41: =A40+1 -> 3 | B41: Adicional Insalubridade 10% (Ver súmula 228 e 139 TST) | H41: =I41/$I$47 -> 0 | I41: =IF(I7=10%,I26*I7,0) -> 0
A42: =A41+1 -> 4 | B42: Adicional Insalubridade 20% (Ver súmula 228 e 139 TST) | H42: =I42/$I$47 -> 0 | I42: =IF(I7=20%,I26*I7,0) -> 0
A43: =A42+1 -> 5 | B43: Adicional Insalubridade 40% (Ver súmula 228 e 139 TST) | H43: =I43/$I$47 -> 0.28571503 | I43: =IF(I7=40%,I26*I7,0) -> 300.652
A44: =A43+1 -> 6 | B44: Adicional de Supervisor (IN 05/2017 MPOG SLTI) | H44: =I44/$I$47 -> 0 | I44: =IF(I25="Não aplicável",0,I39*I25) -> 0
A45: =A44+1 -> 7 | B45: Feriados | H45: =I45/$I$47 -> 0 | I45: =IF(I27="Não aplicável",0,(I39+I40+I41+I42+I43+I44)/I5*I27*(1+I28)) -> 0
A46: =A45+1 -> 8 | B46: DSR = número total das horas extras do mês / número de dias úteis X domingos e feriados do mês X valor da hora extra com acréscimo | H46: =I46/$I$47 -> 0 | I46: =IF(I27="Não aplicável",0,I27/I13*5*(I10/H10*(1+I28))) -> 0
A47: Total de Remuneração | H47: =SUM(H39:H46) -> 1 | I47: =SUM(I39:I46) -> 1052.2793
A58: II | B58: Encargos Sociais - Grupo II: Obrigações Sociais | H58: % | I58: Valor Mensal/unidade de serviço (R$)
A59: 1 | B59: INSS (art. 22, inc. I, Lei nº 8.212/91) | H59: 0.2 | I59: =$I$47*H59 -> 210.45585
A60: 2 | B60: SESI ou SESC (art. 30, Lei nº 8.036/90) | H60: 0.015 | I60: =$I$47*H60 -> 15.784189
A61: 3 | B61: SENAI ou SENAC (Decreto-Lei nº 2.318/86) | H61: 0.01 | I61: =$I$47*H61 -> 10.522793
A62: 4 | B62: INCRA (art. 15I, Lei Complementar nº 011/71) | H62: 0.002 | I62: =$I$47*H62 -> 2.1045585
A63: 5 | B63: SALÁRIO EDUCAÇÃO (art. , inc. I, Decreto nº 87.043/82) | H63: 0.025 | I63: =$I$47*H63 -> 26.306982
A64: 6 | B64: FGTS (art. 15, Lei nº 8.036/90) | H64: 0.08 | I64: =$I$47*H64 -> 84.182342
A65: 7 | B65: SEG. ACIDENTE DO TRABALHO 1%, 2% e 3% (art. 22, inc. II, alíneas "b" e "c", da Lei nº 8.212/91) | H65: 0.03 | I65: =$I$47*H65 -> 31.568378
A66: 8 | B66: SEBRAE (§ 3º, art. 8º, Lei nº 8.029/90) | H66: 0.006 | I66: =$I$47*H66 -> 6.3136756
A67: Total do Grupo II | H67: =SUM(H59:H66) -> 0.368 | I67: =SUM(I59:I66) -> 387.23877
A68: Os percentuais para o SAT podem variar de 0,50% a 6,00% em função do Fator de Acidente Previdenciário (FAP), Decreto nº 6.957/2009
A69: Deverá obrigatoriamente acompanhar a proposta de preços e a planilha de custos e formação de preços a prova do Fator Acidentário de Prevenção – FAP por meio de impressão de consulta ao site do Ministério da Previdência Social (que pode ser obtido no endereço eletrônico http://www2.dataprev.gov.br/fap/fap.htm), independentemente de alteração da alíquota da parcela do Seguro Acidente de Trabalho disposta no Quadro II da referida planilha.
A70: III | B70: Encargos Sociais - Grupo III: Tempo Não Trabalhado | H70: % | I70: Valor Mensal/unidade de serviço (R$)
A71: 1 | B71: FÉRIAS GOZADAS + ADICIONAL DE FÉRIAS | H71: 0.119314 | I71: =$I$47*H71 -> 125.55165
A72: 2 | B72: FALTAS ABONADAS (3) | H72: 0.020479 | I72: =$I$47*H72 -> 21.549627
A73: 3 | B73: FALTAS LEGAIS (4) | H73: 0.012123 | I73: =$I$47*H73 -> 12.756782
A74: 4 | B74: LICENÇA MATERNIDADE | H74: 0.011436 | I74: =$I$47*H74 -> 12.033866
A75: 5 | B75: LICENÇA PATERNIDADE | H75: 0.000174 | I75: =$I$47*H75 -> 0.18309659
A76: 6 | B76: ACIDENTE DE TRABALHO | H76: 0.000442 | I76: =$I$47*H76 -> 0.46510744
A77: 7 | B77: AVISO PRÉVIO TRABALHADO | H77: 0.000185 | I77: =$I$47*H77 -> 0.19467167
A78: 8 | B78: 13º SALÁRIO | H78: 0.09079 | I78: =$I$47*H78 -> 95.536435
A79: Total do Grupo III | H79: =SUM(H71:H78) -> 0.254943 | I79: =SUM(I71:I78) -> 268.27123
A80: (3) | B80: Faltas Justificadas por Auxílio Doença
A81: (4) | B81: Faltas Legais - Art. 473 CLT
A82: IV | B82: Encargos Sociais - Grupo IV: Indenizações | H82: % | I82: Valor Mensal/unidade de serviço (R$)
A83: 1 | B83: INDENIZAÇÕES | H83: 0.048321 | I83: =$I$47*H83 -> 50.847187
A84: 2 | B84: FGTS SOBRE INDENIZAÇÕES | H84: 0.003511 | I84: =$I$47*H84 -> 3.6945525
A85: 3 | B85: INDENIZAÇÃO COMPENSATÓRIA POR DEMISSÃO SEM JUSTA CAUSA | H85: 0.019328 | I85: =$I$47*H85 -> 20.338454
A86: Total do Grupo IV | H86: =SUM(H83:H85) -> 0.07116 | I86: =SUM(I83:I85) -> 74.880193
A88: V | B88: Encargos Sociais - Grupo V: Incidências | H88: % | I88: Valor Mensal/unidade de serviço (R$)
A89: 1 | B89: INCIDÊNCIA GRUPO II (Obrigações Sociais) X GRUPO III (Tempo Não Trabalhado) | H89: =(H67*H79) -> 0.093819024 | I89: =$I$47*H89 -> 98.723814
A90: Total do Grupo V | H90: =SUM(H89:H89) -> 0.093819024 | I90: =I89 -> 98.723814
A92: TOTAL DOS ENCARGOS SOCIAIS (II + III + IV + V) | H92: =H67+H79+H86+H90 -> 0.78792202 | I92: =I67+I79+I86+I90 -> 829.11401
A94: VI | B94: Demais custos relativos à Norma Coletiva ou Disposições Legais - Grupo VI | H94: % | I94: Valor Mensal/unidade de serviço (R$)
A95: 1 | B95: Auxílio Alimentação | H95: =I95/$I$47 -> 0 | I95: =I113 -> 0
A96: =A95+1 -> 2 | B96: Auxílio Lanche | H96: =I96/$I$47 -> 0.21523963 | I96: =I109 -> 226.4922
A97: =A96+1 -> 3 | B97: Plano de Saúde | H97: =I97/$I$47 -> 0 | I97: 0
A98: =A97+1 -> 4 | B98: Vale-Transporte⁽⁵⁾ | H98: =I98/$I$47 -> 0.24147807 | I98: =I105 -> 254.10236
A99: =A98+1 -> 5 | B99: Adicional Intervalar | H99: =I99/$I$47 -> 0 | I99: =IF(I29="Não aplicável",0,((I10/H10)*1.5*I29)) -> 0
A100: =A99+1 -> 6 | B100: Outros | H100: =I100/$I$47 -> 0.022902665 | I100: =IF(I21="Não aplicável",0,I21) -> 24.1
A101: Total do Grupo VI | H101: =SUM(H95:H100) -> 0.47962036 | I101: =SUM(I95:I100) -> 504.69456
A102: (5) | B102: O valor do vale-transporte pode variar de acordo com o modal fornecido pelo empregador.
A103: MEMÓRIA DE CÁLCULO DO VALE TRANSPORTE
A104: Valor Unitário | C104: Dias de Trabalho | D104: Vale p/dia | E104: Custo total | F104: Base de cálculo | G104: Percentual de desconto | H104: Valor desconto | I104: Custo efetivo
A105: =IF(I12="Não aplicável",0,I12) -> 6.8 | C105: =IF(I13="Não aplicável",0,I13) -> 22 | D105: 2 | E105: =A105*C105*D105 -> 299.2 | F105: =I39 -> 751.62727 | G105: =IF(I14="Não aplicável",0,I14) -> 0.06 | H105: =F105*G105 -> 45.097636 | I105: =IF((E105-H105)>0,E105-H105,0) -> 254.10236
A107: MEMÓRIA DE CÁLCULO DO VALE LANCHE
A108: Valor Unitário | C108: Dias por mês | D108: Vale p/dia | E108: Custo total | F108: Base de cálculo | G108: Percentual de desconto | H108: Valor desconto | I108: Custo efetivo
A109: =IF(I18="Não aplicável",0,I18) -> 12.71 | C109: =IF(I19="Não aplicável",0,I19) -> 22 | D109: 1 | E109: =A109*C109*D109 -> 279.62 | F109: =E109 -> 279.62 | G109: =IF(I20="Não aplicável",0,I20) -> 0.19 | H109: =F109*G109 -> 53.1278 | I109: =E109-H109 -> 226.4922
A111: MEMÓRIA DE CÁLCULO DO | F111: =A15 -> Auxílio Alimentação
A112: Valor Unitário | C112: Dias por mês | D112: Vale p/dia | E112: Custo total | F112: Base de cálculo | G112: Percentual de desconto | H112: =H104 -> Valor desconto | I112: Custo efetivo
A113: =IF(I15="Não aplicável",0,I15) -> 0 | C113: =IF(I16="Não aplicável",0,I16) -> 0 | D113: 1 | E113: =A113*C113*D113 -> 0 | F113: =E113 -> 0 | G113: =IF(I17="Não aplicável",0,I17) -> 0 | H113: =F113*G113 -> 0 | I113: =E113-H113 -> 0
A115: TOTAL DO MONTANTE A (I + II + III+ IV + V +VI) | H115: =H47+H92+H101 -> 2.2675424 | I115: =I47+I92+I101 -> 2386.0879
A117: MONTANTE B
A118: I | B118: Despesas Diretas | H118: % | I118: Valor Mensal/unidade de serviço (R$)
A119: 1 | B119: Transporte (6) | H119: =I119/$I$130 -> 0 | I119: 0
A120: 2 | B120: Uniformes/EPI (6a) | H120: =I120/$I$130 -> 0 | I120: 0
A121: 3 | B121: Seguro de vida | H121: =I121/$I$130 -> 0 | I121: 0
A122: 4 | B122: Materiais/Equipamentos | H122: =I122/$I$130 -> 0 | I122: 0
A123: 5 | B123: Mobilização (7) | H123: =I123/$I$130 -> 0 | I123: 0
A124: 6 | B124: Outros (especificar) | H124: =I124/$I$130 -> 0 | I124: 0
A125: Total de Despesas Diretas | H125: =H119+H120+H121+H122+H123+H124 -> 0 | I125: =SUM(I119:I124) -> 0
...

Sheet Resumo
A1: Lote | B1: Função | C1: Cidade | D1: Carga Horária | E1: Dias da semana | F1: Nº de Postos | G1: Valor unitário de retenção para a conta vinculada | H1: Valor total de retenção para a conta vinculada | I1: Valor unitário mensal do posto | J1: Valor total mensal
A2: 1 | B2: Servente de Limpeza | C2: Caxias do Sul | D2: 20h | E2: seg-sex | F2: 2 | G2: ='Serv Limpeza Caxias'!I189 -> 405.15091 | H2: =G2*F2 -> 810.30183 | I2: ='Serv Limpeza Caxias'!I192 -> 2750.5335 | J2: =F2*I2 -> 5501.0671
A3: 2 | B3: Servente de Limpeza | C3: Santa Maria | D3: 20h | E3: seg-sex | F3: 2 | G3: ='Serv Limpeza Santa Maria'!I189 -> 405.15091 | H3: =G3*F3 -> 810.30183 | I3: ='Serv Limpeza Santa Maria'!I192 -> 2704.8851 | J3: =F3*I3 -> 5409.7703
A4: 3 | B4: Servente de Limpeza | C4: Santo Ângelo | D4: 20h | E4: seg-sex | F4: 1 | G4: ='Serv Limpeza Sto Angelo'!I189 -> 405.15091 | H4: =G4*F4 -> 405.15091 | I4: ='Serv Limpeza Sto Angelo'!I192 -> 2628.932 | J4: =F4*I4 -> 2628.932
A5: 4 | B5: Servente de Limpeza | C5: Uruguaiana | D5: 20h | E5: seg-sex | F5: 2 | G5: ='Serv Limpeza Uruguaiana'!I189 -> 405.15091 | H5: =G5*F5 -> 810.30183 | I5: ='Serv Limpeza Uruguaiana'!I192 -> 2643.9748 | J5: =F5*I5 -> 5287.9495
A6: 5 | B6: Servente de Limpeza | C6: Pelotas | D6: 20h | E6: seg-sex | F6: 1 | G6: ='Serv Limpeza Pelotas'!I189 -> 405.15091 | H6: =G6*F6 -> 405.15091 | I6: ='Serv Limpeza Pelotas'!I192 -> 2694.4273 | J6: =F6*I6 -> 2694.4273
A7: 6 | B7: Servente de Limpeza | C7: Passo Fundo | D7: 20h | E7: seg-sex | F7: 1 | G7: ='Serv Limpeza P Fundo'!I189 -> 405.15091 | H7: =G7*F7 -> 405.15091 | I7: ='Serv Limpeza P Fundo'!I192 -> 2596.8314 | J7: =F7*I7 -> 2596.8314
A8: 7 | B8: Servente de Limpeza | C8: Novo Hamburgo | D8: 20h | E8: seg-sex | F8: 1 | G8: ='Serv Limpeza N Hamburgo'!I189 -> 405.15091 | H8: =G8*F8 -> 405.15091 | I8: ='Serv Limpeza N Hamburgo'!I192 -> 2609.2257 | J8: =F8*I8 -> 2609.2257
A9: 8 | B9: Servente de Limpeza | C9: Osório | D9: 20h | E9: seg-sex | F9: 1 | G9: ='Serv Limpeza Osório'!I189 -> 405.15091 | H9: =G9*F9 -> 405.15091 | I9: ='Serv Limpeza Osório'!I192 -> 2765.3948 | J9: =F9*I9 -> 2765.3948
A11: VALOR MENSAL PARA RETENÇÃO EM CONTA VINCULADA | G11: =SUM(H2:H9) -> 4456.6601 | H11: PORCENTAGEM CORRESPONDENTE EM RELAÇÃO AO VALOR TOTAL PARA RETENÇÃO EM CONTA VINCULADA | J11: =G11/J13 -> 0.15110601
A13: TOTAL DE POSTOS | F13: =SUM(F2:F9) -> 11 | G13: VALOR GLOBAL MENSAL | J13: =SUM(J2:J9) -> 29493.598
